Workbook
Name Has_initiative: 'S4'!$B$9
Name If_no__none_planned: 'S4'!$B$12
Name If_no__planned: 'S4'!$B$13
Name No: 'S4'!$B$11
Name Yes: 'S4'!$B$10

Sheet Contents
A1: Tab Label | B1: Contents / Title
A2: S1 | B2: Initiative-level content assessment of data submitted by Local Authorities regarding their vaping initiatives
A3: S2 | B3: Authority-level content assessment of data submitted by Local Authorities regarding their vaping initiatives
A4: S3 | B4: Authority-level qualitative data submitted by Local Authorities regarding their vaping initiatives
A5: S4 | B5: Frequencies of survey responses and content analysis
A6: S5 | B6: Content assessment labels

Sheet S1
A1: Local authority | B1: Initiative type | C1: Target age group(s) | D1: Integrated with other programmes | E1: Details of integration with other programmes | F1: Duration of the initiative | G1: Responsible parties for delivery | H1: Delivery method | I1: Delivery method-text | J1: Evidence-based? (Yes/No) | K1: Data collected or evaluated? (Yes/No) | L1: Details about data collection/analysis | M1: Evaluation of effectiveness | N1: Tailoring based on data/feedback | O1: Integration with other programmes | P1: Notes
A2: Gateshead Council | B2: NA | C2: NA | D2: NA | E2: NA | F2: NA | G2: NA | H2: NA | I2: NA | J2: NA | K2: NA | L2: NA | M2: NA | N2: NA | O2: NA
A3: London Borough of Newham | B3: School-based educational campaign | C3: 12-17 | D3: Yes | F3: 3 | G3: Educators,Local authority members,Young people | H3: Slides for assemblies or lessons,Community based activities | J3: Yes | K3: Yes | L3: We have delivered training to over 120 professionals in Newham on misinformation around youth vaping. From January - December 2024, we had 223 young people referred to our substance misuse service for vaping cessation following an initial risk assessment. Following introduction of healthy schools award in a pilot Pupil Referral Unit, reduced percentage of incidents recorded for substance abuse below the baseline (34 incidences). | M3: YP data | N3: Unknown | O3: Claimed | P3: Action plan with evaluation plans included
A4: London Borough of Newham | B4: Service provision (including clinics) | C4: 11-17 | D4: Yes | F4: 3 | G4: Trained specialists,Stop Smoking/Vaping Services,Substance misuse services | H4: In-person workshops or sessions,Community based activities | J4: No | K4: Yes | M4: YP data | N4: Unknown | O4: Claimed
A5: London Borough of Newham | B5: Website / online information or support | C5: Under 10-17 | D5: Yes | F5: 2 | G5: Local authority members | H5: Online materials,Printed materials | J5: Yes | K5: Yes | M5: YP data | N5: Unknown | O5: Claimed
A6: London Borough of Newham | B6: A holistic school-based programme | C6: 11-17 | D6: Yes | F6: 3 | G6: Educators | H6: Slides for assemblies or lessons,Community based activities | J6: Yes | K6: Yes | M6: YP data | N6: Unknown | O6: Claimed
A7: London Borough of Newham | B7: Training for teachers | C7: Under 10-17 | D7: Yes | F7: 2 | G7: Trained specialists,Stop Smoking/Vaping Services,Local authority members | H7: In-person workshops or sessions,Online materials,Community based activities | J7: Yes | K7: Yes | M7: YP data | N7: Unknown | O7: Claimed
A8: Thurrock Council | B8: School-based educational campaign | C8: 11-17 | D8: No | F8: ongoing | G8: Educators | H8: Online materials,Printed materials,Slides for assemblies or lessons | J8: Yes | K8: No | L8: too early to evaluate. | M8: No data | N8: No data | O8: Stand-alone initiative
A9: Darlington Borough Council | B9: NA | C9: NA | D9: NA | E9: NA | F9: NA | G9: NA | H9: NA | I9: NA | J9: NA | K9: NA | L9: NA | M9: NA | N9: NA | O9: NA
A10: Oxfordshire County Council | B10: School-based educational campaign | D10: Unknown | E10: we are working on how we should integrate an offer to schools for all risky behaviour, especially as we offer a protective behaviour programme to schools too, and a healthy food approach but we haven't got there yet | H10: Unknown | J10: Unknown | K10: No | M10: No data | N10: No data | O10: Unknown
A11: Oxfordshire County Council | B11: Training for teachers | C11: 11-13 | D11: No | F11: 1 year | G11: Stop Smoking/Vaping Services | H11: In-person workshops or sessions,Online materials,Printed materials | J11: Yes | K11: No | M11: No data | N11: No data | O11: Stand-alone initiative
A12: Cornwall Council and also the Council of the Isles of Scilly | B12: School-based educational campaign | C12: Under 10-17 | D12: Yes | E12: Sessions in schools will also cover smoking. Content is tailored to the school's needs and may include information for teachers if requested. Otherwise teachers are directed to the resources on the Healthy Cornwall website (https://www.healthycornwall.org.uk/youth-vaping-toolkit/) | F12: Ongoing for 18 months | G12: Stop Smoking/Vaping Services | H12: In-person workshops or sessions,Online materials,Slides for assemblies or lessons | J12: Yes | K12: Yes | L12: We conduct surveys with pupils after the sessions have been delivered. We trialled the intervention with one school first and this was reviewed and the intervention adapted as a result but equally the service links with each school to create a bespoke offer. | M12: YP data | N12: Yes | O12: Part of smoking initiatiave | P12: VapeAnon - anonymous reporting to trading standards
A13: Cornwall Council and also the Council of the Isles of Scilly | B13: Service provision (including clinics) | C13: 12-17 | D13: No | F13: 12 months - provided on an ad hoc basis in response to demand (which is minimal)) | G13: Stop Smoking/Vaping Services | H13: In-person workshops or sessions,Telephone-based | J13: No | K13: No | M13: No data | N13: No data | O13: Stand-alone initiative
A14: Cornwall Council and also the Council of the Isles of Scilly | B14: Website / online information or support | D14: No | F14: Can't remember - 12+ months approx. | G14: Local authority members | H14: Online materials | J14: Yes | K14: No | M14: No data | N14: No data | O14: Stand-alone initiative
A15: Cornwall Council and also the Council of the Isles of Scilly | B15: Training for teachers | D15: No | F15: As per website. Although letter first sent to schools in Nov. 2022 | H15: Online materials | J15: Yes | K15: No | M15: No data | N15: No data | O15: Stand-alone initiative
A16: Cornwall Council and also the Council of the Isles of Scilly | B16: VapeAnon - a webpage for local CYP to report intel on underage sales/provision. | C16: 11-16 | D16: No | F16: Spring 2025 | G16: Trading Standards | H16: Online materials,Slides for assemblies or lessons | J16: Yes | K16: No | M16: No data | N16: No data | O16: Stand-alone initiative
A17: Brighton and Hove City Council - Healthy Lifestyles Team / Stop Smoking team | B17: School-based educational campaign | C17: 12-16 | D17: Yes | E17: I discuss smoking risks etc, ask about MH and signpost to young persons substance use service RUOK / am often referred young people from RUOK - vaping crossover re substances such as THC, Spice, cannabis | F17: 45597 | G17: Trained specialists,Educators,Stop Smoking/Vaping Services | H17: In-person workshops or sessions,Printed materials,Slides for assemblies or lessons | I17: It's mainly just me doing it, but RUOK support as does PSHE | J17: Yes | K17: No | L17: I haven't collected data yet as the program is fairly new, since Nov 24 | M17: No data | N17: No data | O17: Part of broader substance misuse
A18: Brighton and Hove City Council - Healthy Lifestyles Team / Stop Smoking team | B18: Community-based educational campaign | C18: 12-17 | D18: Yes | F18: 45597 | G18: Trained specialists,Stop Smoking/Vaping Services | H18: In-person workshops or sessions,Online materials,Printed materials,Social media outreach,Community based activities | J18: Yes | K18: No | M18: No data | N18: No data | O18: Part of broader substance misuse
A19: Brighton and Hove City Council - Healthy Lifestyles Team / Stop Smoking team | B19: Service provision (including clinics) | C19: 12-17 | D19: Yes | F19: 45597 | G19: Trained specialists,Stop Smoking/Vaping Services | H19: In-person workshops or sessions,Printed materials,Slides for assemblies or lessons | J19: Yes | K19: No | M19: No data | N19: No data | O19: Part of broader substance misuse
A20: Brighton and Hove City Council - Healthy Lifestyles Team / Stop Smoking team | B20: Counselling or behavioural support | C20: 12-17 | D20: Yes | F20: 45597 | G20: Trained specialists,Stop Smoking/Vaping Services | H20: In-person workshops or sessions,Printed materials,Social media outreach,Telephone-based,Slides for assemblies or lessons | J20: Yes | K20: No | M20: No data | N20: No data | O20: Part of broader substance misuse
A21: Brighton and Hove City Council - Healthy Lifestyles Team / Stop Smoking team | B21: Website / online information or support | C21: 12-17 | D21: Yes | F21: 45597 | G21: Trained specialists,Stop Smoking/Vaping Services | H21: In-person workshops or sessions,Printed materials | J21: Yes | K21: No | M21: No data | N21: No data | O21: Part of broader substance misuse
A22: Suffolk County Council | B22: School-based educational campaign | C22: Under 10-16 | D22: Yes | E22: Content includes information on smoking cessation and harm impacts | F22: less than 1 year | G22: Local authority members | H22: Online materials,Slides for assemblies or lessons | J22: Yes | K22: No | M22: No data | N22: No data | O22: Part of smoking initiatiave
A23: Suffolk County Council | B23: Website / online information or support | C23: Under 10-17 | D23: Yes | F23: about to go live | G23: Stop Smoking/Vaping Services,Local authority members | H23: Online materials | J23: Yes | K23: No | M23: No data | N23: No data | O23: Part of smoking initiatiave
A24: Torbay Council | B24: Website / online information or support | C24: Under 10-17 | D24: Yes | E24: Our Torbay Healthy Learning website offers content around a range of health and prevention programmes that support the delivery of PHSE and | F24: 2 years | G24: Educators,School nurses | H24: In-person workshops or sessions,Online materials | J24: Yes | K24: No | M24: No data | N24: No data | O24: Integrated into school PSHE
A25: Gloucestershire County Council | B25: Website / online information or support | C25: 12-17 | D25: Yes | E25: Website - This page is part of Gloucestershireâ€™s strategy to support people to stop smoking. Our strategy supports the use of vapes as a tool to help adults to stop smoking tobacco, and aims to stop young people from starting to vape or smoke. | F25: 45597 | G25: Local authority members | H25: Online materials | J25: No | K25: Yes | L25: Website - currently producing an evaluation of the project, where we will be collecting data on clicks on the website and to other resources. | M25: Planned | N25: No data | O25: Part of smoking initiatiave
A26: Gloucestershire County Council | B26: Training for teachers | C26: Under 10-17 | D26: Yes | E26: Training for teachers ties in to whole school approach to reduce substance use amongst pupils. | F26: 45261 | G26: Trained specialists,Educators | H26: In-person workshops or sessions,Online materials,Printed materials,Slides for assemblies or lessons | J26: No | K26: Yes | L26: Training for teachers - feedback collected at the end of the training has been positive and has been implemented within school settings. | M26: Deliverer feedback | N26: Yes | O26: Part of broader substance misuse
A27: Gloucestershire County Council | B27: Webinar for professionals on how to prevent adolescent vaping in Gloucestershire | C27: 12-17 | D27: Unknown | F27: Webinar - December 2024 - 1 day. | G27: Educators,Local authority members,School nurses | H27: Online materials | J27: Unknown | K27: Unknown | M27: Unknown | N27: Unknown | O27: Claimed
A28: Gloucestershire County Council | B28: community engagement to gather insights on youth vaping in order to inform future adolescent vaping interventions. | C28: 12-17 | D28: Unknown | F28: Community engagement - November 2024 to January 2025 over 3 days. | G28: Local authority members | H28: community based activities, printed materials, in-person workshops or sessions. | J28: Unknown | K28: Unknown | M28: Unknown | N28: Unknown | O28: Claimed
A29: Blackpool Council | B29: School-based educational campaign | D29: Unknown | H29: Unknown | J29: Unknown | K29: Unknown | M29: Unknown | N29: Unknown | O29: Unknown | P29: Resource to parents claims that 9% of youth now smoke as a result of vaping. Data from 3,532 young people aged 10 to 24 showed that 5% of their sample said they vaped after they had smoked. 9% of those who vaped said ‘yes’ to having started after vaping – a much smaller proportion than 9% of all young people in the area. This is an association, not causality.
A30: Blackpool Council | B30: Community-based educational campaign | D30: Unknown | H30: Unknown | J30: Unknown | K30: Unknown | M30: Unknown | N30: Unknown | O30: Unknown
A31: Blackpool Council | B31: Parent-focused educational campaign | D31: Unknown | H31: Unknown | J31: Unknown | K31: Unknown | M31: Unknown | N31: Unknown | O31: Unknown
A32: Blackpool Council | B32: Counselling or behavioural support | D32: Unknown | H32: Unknown | J32: Unknown | K32: Unknown | M32: Unknown | N32: Unknown | O32: Unknown
A33: Blackpool Council | B33: Website / online information or support | D33: Unknown | H33: Unknown | J33: Unknown | K33: Unknown | M33: Unknown | N33: Unknown | O33: Unknown
A34: Blackpool Council | B34: A holistic school-based programme | D34: Unknown | H34: Unknown | J34: Unknown | K34: Unknown | M34: Unknown | N34: Unknown | O34: Unknown
A35: Blackpool Council | B35: Training for teachers | D35: Unknown | H35: Unknown | J35: Unknown | K35: Unknown | M35: Unknown | N35: Unknown | O35: Unknown
A36: Leicester City Council | B36: NA | C36: NA | D36: NA | E36: NA | F36: NA | G36: NA | H36: NA | I36: NA | J36: NA | K36: NA | L36: NA | M36: NA | N36: NA | O36: NA
A37: London Borough of Havering | B37: School-based educational campaign | C37: Under 10-16 | D37: Yes | E37: Part of PHSE lessons | F37: 6 months | G37: Educators | H37: Online materials,Slides for assemblies or lessons | J37: Yes | K37: No | M37: No data | N37: No data | O37: Integrated into school PSHE
A38: North Northamptonshire Council | B38: Website / online information or support | C38: Do not know/Unsure | D38: No | F38: We updated our website around a year ago with advice on how to quit vaping - it was in response to the queries that were coming through our stop smoking service. | G38: Stop Smoking/Vaping Services | H38: Online materials,Printed materials | J38: Yes | K38: No | M38: No data | N38: No data | O38: Stand-alone initiative
A39: North Northamptonshire Council | B39: Developed school guidance | C39: 11-17 | D39: No | F39: The school guidance is still being developed and has been worked on for around a year - significant delays due to capacity and a lack of feedback from schools | G39: Educators | H39: Online materials | J39: Yes | K39: No | M39: No data | N39: No data | O39: Stand-alone initiative
A40: Bury Council | B40: School-based educational campaign | C40: 11-17 | D40: Yes | E40: harm reduction | F40: 1-2 years | G40: Educators | H40: In-person workshops or sessions,Online materials,Printed materials,Slides for assemblies or lessons | J40: Unknown | K40: Yes | M40: Claimed | N40: Not stated | O40: Part of broader substance misuse
A41: Bury Council | B41: Parent-focused educational campaign | C41: 11-17 | D41: Yes | F41: 1-2 years | G41: Educators | H41: In-person workshops or sessions,Online materials,Printed materials,Slides for assemblies or lessons | J41: Unknown | K41: Unknown | M41: Unknown | N41: Unknown | O41: Part of broader substance misuse
A42: Bury Council | B42: Training for teachers | C42: 11-17 | D42: Yes | F42: 1-2 years | G42: Educators | H42: In-person workshops or sessions,Online materials,Printed materials,Slides for assemblies or lessons | J42: Unknown | K42: Unknown | M42: Unknown | N42: Unknown | O42: Part of broader substance misuse
A43: Worcestershire County Council | B43: School-based educational campaign | C43: 11-17 | D43: No | F43: Approx 4-6 months in each. | G43: Educators,Local authority members | H43: In-person workshops or sessions,Printed materials,Social media outreach,Slides for assemblies or lessons | J43: Yes | K43: Yes | L43: The post intervention survey asked for young people's views on the posters used. We used this qualitative data and feedback to amend the posters used in the FE College. We tried to get feedback from the school/staff but this was unsuccessful. | M43: YP feedback | N43: Yes | O43: Stand-alone initiative | P43: Social norms theory used
A44: Nottinghamshire County Council | B44: School-based educational campaign | C44: 11-16 | D44: No | F44: 3 years | G44: Educators | H44: Online materials,Printed materials,Slides for assemblies or lessons | J44: Yes | K44: No | M44: No data | N44: No data | O44: Stand-alone initiative | P44: Duplicate entry merged. Social norms theory included in padlet
A45: Nottinghamshire County Council | B45: Parent-focused educational campaign | C45: 11-16 | D45: No | F45: 1 year | G45: public health, youth service and the children and family service | H45: Online materials,Printed materials | J45: Yes | K45: No | M45: No data | N45: No data | O45: Stand-alone initiative
A46: Nottinghamshire County Council | B46: Service provision (including clinics) | C46: 12-17 | D46: No | F46: 2 months | G46: public health, youth service and the children and family service | H46: In-person workshops or sessions | J46: Yes | K46: No | L46: We will be evaluating the service provision | M46: Planned | N46: No data | O46: Stand-alone initiative
A47: Nottinghamshire County Council | B47: A holistic school-based programme | C47: 11-17 | D47: No | F47: 3 years | G47: Educators | H47: Online materials | J47: Yes | K47: No | M47: No data | N47: No data | O47: Stand-alone initiative
A48: Nottinghamshire County Council | B48: Training for teachers | C48: 11-17 | D48: No | F48: 3 years | G48: public health, youth service and the children and family service | H48: Online materials | J48: Yes | K48: No | M48: No data | N48: No data | O48: Stand-alone initiative
A49: Devon County Council | B49: Youth Vaping Support embedded in the local specialist stop smoking service. Also leaflets/posters, online resources and information sent to all secondary schools | C49: 11-17 | D49: Yes | E49: The pilot youth vaping pathway is being run by Stop For Life Devon. They are offering a behavioural based support intervention. | F49: 2 months. | G49: Stop Smoking/Vaping Services, Public Health | H49: Online materials,Printed materials,Telephone-based,Slides for assemblies or lessons | J49: Yes | K49: No | L49: The initiatives are in their infancy but we will be reviewing them later in the year. | M49: Planned | N49: No data | O49: Part of smoking initiatiave
A50: West Berkshire Council's Public Health Team | B50: School-based educational campaign | C50: Under 10-17 | D50: No | F50: 2022 | G50: Local authority members | H50: In-person workshops or sessions, Other; PSHE4YOU YouTube video | J50: Yes | K50: No | M50: No data | N50: No data | O50: Stand-alone initiative
A51: West Berkshire Council's Public Health Team | B51: Parent-focused educational campaign | C51: 12-17 | D51: No | F51: 2024 | G51: Local authority members | H51: Printed materials | J51: Yes | K51: No | M51: No data | N51: No data | O51: Stand-alone initiative
A52: Barnsley Council | B52: School-based educational campaign | C52: 11-14 | D52: Yes | E52: All our resources are disseminated to our partners and stakeholders. they all signpost to relevant services. we have recently commissioned specialised smoking advisors in our mental health and substance misuse services (using additional grant funding). | F52: 2 years | G52: Educators,Stop Smoking/Vaping Services,Local authority members | H52: Online materials,Printed materials,Slides for assemblies or lessons | J52: Yes | K52: No | L52: Evaluation planning currently underway. | M52: Planned | N52: No data | O52: Part of broader substance misuse
A53: Barnsley Council | B53: Community-based educational campaign | C53: Under 10-17 | D53: Yes | F53: 2 years | G53: Stop Smoking/Vaping Services,Local authority members | H53: Online materials,Printed materials,Social media outreach,Slides for assemblies or lessons | J53: Yes | K53: No | M53: Planned | N53: No data | O53: Part of broader substance misuse
A54: Barnsley Council | B54: Parent-focused educational campaign | D54: Yes | F54: 2 years | G54: Stop Smoking/Vaping Services,Local authority members | H54: Online materials,Printed materials,Social media outreach | J54: Yes | K54: No | M54: Planned | N54: No data | O54: Part of broader substance misuse
A55: Barnsley Council | B55: Counselling or behavioural support | C55: 12-17 | D55: Yes | F55: 2 years | G55: Stop Smoking/Vaping Services | H55: In-person workshops or sessions,Community based activities | J55: Yes | K55: No | M55: Planned | N55: No data | O55: Part of broader substance misuse
A56: Barnsley Council | B56: Website / online information or support | C56: Under 10-17 | D56: Yes | F56: 2 years | G56: Stop Smoking/Vaping Services,Local authority members | H56: Online materials,Social media outreach | J56: Yes | K56: No | M56: Planned | N56: No data | O56: Part of broader substance misuse
A57: Barnsley Council | B57: A holistic school-based programme | C57: 11-14 | D57: Yes | F57: Due to start end of June 2025 | G57: We have commissioned Performance in Education to deliver a 'Hooked' performance in 10 of our 12 secondary schools. This performance will be derived via whole school assemblies. | H57: In-person workshops or sessions,Online materials,Slides for assemblies or lessons | J57: Yes | K57: No | M57: Planned | N57: No data | O57: Part of broader substance misuse
A58: Barnsley Council | B58: Training for teachers | D58: Unknown | F58: 2 years | G58: Stop Smoking/Vaping Services | H58: In-person workshops or sessions,Online materials,Printed materials,Slides for assemblies or lessons | J58: Yes | K58: No | M58: Planned | N58: No data | O58: Unknown
A59: City of London Corporation and Hackney Council | B59: Service provision (including clinics) | C59: 12-17 | D59: Yes | E59: Youth vaping support is provided largely on an education-basis and is part of our wider tobacco control strategy | F59: 2022 | G59: Trained specialists,Stop Smoking/Vaping Services | H59: In-person workshops or sessions,Online materials,Printed materials,Social media outreach,Community based activities | J59: Yes | K59: No | M59: No data | N59: No data | O59: Part of smoking initiatiave
A60: City of London Corporation and Hackney Council | B60: Website / online information or support | C60: 12-17 | D60: Yes | F60: 2023 | G60: Trained specialists | H60: Online materials,Community based activities | J60: Yes | K60: No | M60: No data | N60: No data | O60: Part of smoking initiatiave
A61: City of London Corporation and Hackney Council | B61: Have provided school-based and community-based educational resources on vaping. However, these are one-off sessions and in schools happen during limited PSHE time. They have not been coordinated, expansive campaigns. | C61: 11-17 | D61: Yes | F61: 2022 | G61: Trained specialists,Stop Smoking/Vaping Services | H61: In-person workshops or sessions,Online materials,Printed materials,Slides for assemblies or lessons,Community based activities | J61: Yes | K61: No | M61: No data | N61: No data | O61: Part of smoking initiatiave
A62: London Borough of Bexley | B62: School-based educational campaign | C62: Do not know/Unsure | D62: Yes | E62: Vaping workshops for young people delivered by Growing Against Violence | F62: 2024/25 | G62: Trained specialists | H62: In-person workshops or sessions | J62: Yes | K62: No | M62: No data | N62: No data | O62: Claimed
A63: London Borough of Bexley | B63: Training for teachers | C63: 11-15 | D63: No | F63: 2024/25 | G63: Trained specialists,Educators,Stop Smoking/Vaping Services | H63: In-person workshops or sessions,Online materials,Slides for assemblies or lessons | J63: Yes | K63: No | M63: No data | N63: No data | O63: Stand-alone initiative
A64: London Borough of Bexley | B64: Insight Bexley provides support for young people who are vaping problematically | C64: Under 10-17 | D64: Yes | F64: 2025/26 | G64: Trained specialists | H64: In-person workshops or sessions,Online materials,Slides for assemblies or lessons,Community based activities | J64: Yes | K64: Yes | L64: Too early | M64: Claimed | N64: Not stated | O64: Claimed
A65: Rochdale Borough Council | B65: School-based educational campaign | C65: 11-16 | D65: Yes | E65: School-based educational campaign - delivered alongside/in parallel with substance abuse and smoking themes. | F65: Ongoing | G65: Trained specialists, commissioned young person substance abuse service | H65: Slides for assemblies or lessons, assemblies delivered to young people (other) | J65: No | K65: No | M65: No data | N65: No data | O65: Part of broader substance misuse
A66: Rochdale Borough Council | B66: Service provision (including clinics) | C66: Under 10-17 | D66: Yes | E66: Service provision (including clinics) - school nurses able to receive vaping cessation referrals as part of the wider school nursing service | F66: Ongoing | G66: School nurses | H66: Other; one-on-one or group based support provided by school nurses | J66: No | K66: No | M66: No data | N66: No data | O66: Part of a general health promotion programme
A67: Rochdale Borough Council | B67: A holistic school-based programme | C67: Under 10-16 | D67: Yes | E67: A holistic school-based programme - whole school vaping policy references and is aligned to other policies (e.g. substance abuse policy) | F67: Ongoing | G67: Local authority members | H67: Online materials,Printed materials, includes vertical and horizontal banners, letter templates for parents, vape free certificates, and vape amnesty boxes (Other) | J67: No | K67: No | M67: No data | N67: No data | O67: Part of broader substance misuse
A68: Rochdale Borough Council | B68: Training for teachers | C68: Under 10-17, Do not know/Unsure | D68: No | F68: Ongoing | G68: School nurses, commissioned young person substance abuse service | H68: In-person workshops or sessions | J68: No | K68: No | M68: No data | N68: No data | O68: Stand-alone initiative
A69: Rochdale Borough Council | B69: Training also for any professional working with young people | C69: Under 10-17, Do not know/Unsure | D69: No | F69: Ongoing | G69: Stop Smoking/Vaping Services,Local authority members,School nurses, commissioned young person substance abuse service | H69: In-person workshops or sessions | J69: No | K69: No | M69: No data | N69: No data | O69: Stand-alone initiative
A70: Catch22 commisioned service by London Borough of Merton | B70: School-based educational campaign | C70: 11-17 | D70: Yes | E70: Catch22 Merton is an intergtrated servcie that is Supporting young people aged 11-24 who have been using substances, vaping/smoking, reported missing from home or care, or exploited | F70: 12 month | G70: Trained specialists,Educators,Stop Smoking/Vaping Services,School nurses | H70: In-person workshops or sessions,Social media outreach,Slides for assemblies or lessons | J70: Yes | K70: Unknown | M70: Planned | N70: Yes (slides suggest tailoring based on feedback for social media and texts) | O70: Part of broader substance misuse | P70: Duplicate entry merged
A71: Catch22 commisioned service by London Borough of Merton | B71: Community-based educational campaign | C71: 11-17 | D71: Yes | F71: 12 month | G71: Trained specialists,Educators,Stop Smoking/Vaping Services | H71: In-person workshops or sessions,Online materials,Printed materials,Social media outreach,Slides for assemblies or lessons | J71: Yes | K71: Unknown | M71: Planned | N71: Unknown | O71: Part of broader substance misuse
A72: Catch22 commisioned service by London Borough of Merton | B72: Parent-focused educational campaign | C72: 11-17 | D72: Yes | F72: 12 month | G72: Trained specialists,Stop Smoking/Vaping Services | H72: Online materials,Printed materials,Social media outreach | J72: Yes | K72: Unknown | M72: Planned | N72: Unknown | O72: Part of broader substance misuse
A73: Catch22 commisioned service by London Borough of Merton | B73: Service provision (including clinics) | C73: 11-17 | D73: Yes | F73: 9 month | G73: Trained specialists,Stop Smoking/Vaping Services | H73: In-person workshops or sessions,Online materials,Printed materials,Social media outreach,Telephone-based,Community based activities | J73: Yes | K73: Unknown | M73: Planned | N73: Unknown | O73: Part of broader substance misuse
A74: Catch22 commisioned service by London Borough of Merton | B74: Counselling or behavioural support | C74: 11-17 | D74: Yes | F74: 9 months | G74: Trained specialists,Stop Smoking/Vaping Services | H74: In-person workshops or sessions,Online materials,Telephone-based | J74: Yes | K74: Unknown | M74: Planned | N74: Unknown | O74: Part of broader substance misuse
A75: Catch22 commisioned service by London Borough of Merton | B75: Website / online information or support | C75: 11-17 | D75: Yes | F75: 9 months | G75: Trained specialists,Stop Smoking/Vaping Services,Local authority members | H75: In-person workshops or sessions,Online materials,Printed materials | J75: No | K75: Unknown | M75: Planned | N75: Unknown | O75: Part of broader substance misuse
A76: Catch22 commisioned service by London Borough of Merton | B76: Training for teachers | C76: 11-17 | D76: Yes | F76: 9 months | G76: Trained specialists,Stop Smoking/Vaping Services | H76: In-person workshops or sessions,Online materials,Printed materials,Slides for assemblies or lessons | J76: Yes | K76: Unknown | M76: Planned | N76: Unknown | O76: Part of broader substance misuse
A77: Catch22 commisioned service by London Borough of Merton | B77: Helpline / Quitline | C77: Unknown (data merged with another submission but no further information provided) | D77: Unknown (data merged with another submission but no further information provided) | F77: NA (data merged with another submission but no further information provided) | G77: Unknown (data merged with another submission but no further information provided) | H77: Unknown (data merged with another submission but no further information provided) | J77: Unknown | K77: Unknown | M77: Unknown | N77: Unknown | O77: Unknown
A78: Herefordshire Council | B78: Our Healthy Schools programme includes some guidance on vaping for teachers, and our team did a one-off awareness-building campaign with local college students. | D78: Unknown | H78: Unknown | J78: Unknown | K78: Unknown | M78: Unknown | N78: Unknown | O78: Unknown
A79: North Tyneside Council | B79: Community-based educational campaign | D79: Unknown | H79: Unknown | J79: Unknown | K79: Unknown | M79: Unknown | N79: Unknown | O79: Unknown
A80: North Tyneside Council | B80: Website / online information or support | D80: Unknown | H80: Unknown | J80: Unknown | K80: Unknown | M80: Unknown | N80: Unknown | O80: Unknown
A81: Solutions 4 Health - Slough Borough Council | B81: Service provision (including clinics) | D81: Unknown | H81: Unknown | J81: Unknown | K81: Unknown | M81: Unknown | N81: Unknown | O81: Unknown
A82: Solutions 4 Health - Slough Borough Council | B82: Counselling or behavioural support | D82: Unknown | H82: Unknown | J82: Unknown | K82: Unknown | M82: Unknown | N82: Unknown | O82: Unknown
A83: Solutions 4 Health - Slough Borough Council | B83: Website / online information or support | D83: Unknown | H83: Unknown | J83: Unknown | K83: Unknown | M83: Unknown | N83: Unknown | O83: Unknown
A84: Solutions 4 Health - Slough Borough Council | B84: Helpline / Quitline | D84: Unknown | H84: Unknown | J84: Unknown | K84: Unknown | M84: Unknown | N84: Unknown | O84: Unknown
A85: Solutions 4 Health - Slough Borough Council | B85: Training for teachers | D85: Unknown | H85: Unknown | J85: Unknown | K85: Unknown | M85: Unknown | N85: Unknown | O85: Unknown
A86: London Borough of Camden | B86: School-based educational campaign | D86: Unknown | H86: Unknown | J86: Unknown | K86: Unknown | M86: Unknown | N86: Unknown | O86: Unknown
A87: London Borough of Camden | B87: Working with Trading Standards to identify underage sales and take enforcement action, also tackling illegal vapes (on the notion that retailers selling illegal vapes are more likely to sell to under 18's). We are also working to develop a stop-vaping support service for under 18's | D87: Unknown | H87: Unknown | J87: Unknown | K87: Unknown | M87: Unknown | N87: Unknown | O87: Unknown
A88: Cheshire East Council | B88: Awareness/ information sessions with young people as part of commissioned Substance Misuse Service. | D88: Unknown | H88: Unknown | J88: Unknown | K88: Unknown | M88: Unknown | N88: Unknown | O88: Unknown
A89: East Sussex County Council | B89: School-based educational campaign | C89: 11-17 | D89: Yes | E89: Integrated within our School Health Service. | F89: 18 months | G89: Trained specialists,Local authority members,School nurses | H89: In-person workshops or sessions,Online materials,Printed materials,Slides for assemblies or lessons,Community based activities | J89: Yes | K89: Yes | L89: We are in the process of conducting youth vaping insights across East Sussex to inform our local response as a public health team | M89: Claimed | N89: Planned | O89: Part of a general health promotion programme
A90: East Sussex County Council | B90: Website / online information or support | C90: 11-17 | D90: Yes | F90: 18 months | G90: Trained specialists,Local authority members,School nurses | H90: Online materials,Social media outreach | J90: Yes | K90: No | M90: No data | N90: Planned | O90: Part of a general health promotion programme
A91: East Sussex County Council | B91: A holistic school-based programme | C91: 11-17 | D91: Yes | F91: 5 years + | G91: School nurses | H91: In-person workshops or sessions, Online materials,Telephone-based, Community based activities | J91: Yes | K91: Yes | M91: Claimed | N91: Planned | O91: Part of a general health promotion programme
A92: Staffordshire County Council | B92: Website / online information or support | C92: 11-15 | D92: Yes | E92: Our Stop smoking in pregnancy services provides, information and advice around vaping and smoking to teachers and parents, there is a pack available which they can download. | F92: 2 years | G92: Stop Smoking/Vaping Services | H92: Online materials,Printed materials,Social media outreach,Telephone-based,Slides for assemblies or lessons | J92: Yes | K92: Yes | L92: we collect quarterly performance data, teachers and young people fill out a satisfaction form after the workshops, so far the feedback we have received is positive. | M92: YP feedback | N92: Unknown | O92: Part of smoking initiatiave
A93: Staffordshire County Council | B93: Training for teachers | C93: Under 10-15 | D93: No | E93: The training for teachers is primarily focused on vaping. | F93: 2 years | G93: Stop Smoking/Vaping Services | H93: In-person workshops or sessions,Online materials,Printed materials,Training for teachers is sometimes delivered via MS teams (Other). | J93: Yes | K93: Yes | M93: Deliverer feedback | N93: Unknown | O93: Stand-alone initiative
A94: Stoke-on-Trent Council* | B94: NA | C94: Do not know/Unsure (secondary and FE settings) | D94: No* | E94: NA | F94: it hasn't yet | G94: Educators,Stop Smoking/Vaping Services,Trading Standards / Public Health | H94: The programme is beginning to be developed and will likely include a range of the above | I94: NA | J94: Yes* | K94: Yes* | L94: A behavioural insights project which is currently being completed | M94: NA | N94: NA | O94: NA | P94: Data amended to reflect further input - no current initiatives
A95: Somerset Council | B95: Service provision (including clinics) | C95: Under 10-17 | D95: Yes | E95: Vaping prevention included within smokefree service and school nursing. Training for teachers via the commissioned INTENT programme | F95: 2 years + | G95: Stop Smoking/Vaping Services,School nurses | H95: In-person workshops or sessions,Online materials,Printed materials,Telephone-based,Slides for assemblies or lessons,Community based activities | J95: No | K95: Unknown | M95: Unknown | N95: Unknown | O95: Part of smoking initiatiave
A96: Somerset Council | B96: Counselling or behavioural support | C96: Under 10-17 | D96: Yes | F96: 2 years + | G96: Educators,Stop Smoking/Vaping Services,School nurses | H96: In-person workshops or sessions,Online materials,Printed materials,Telephone-based,Slides for assemblies or lessons,Community based activities | J96: No | K96: Unknown | M96: Unknown | N96: Unknown | O96: Part of smoking initiatiave
A97: Somerset Council | B97: Website / online information or support | C97: Under 10-17 | D97: Yes | F97: 6 years + | G97: Local authority members,Young people | H97: Online materials,Social media outreach | J97: Yes | K97: Unknown | M97: Unknown | N97: Unknown | O97: Part of smoking initiatiave
A98: Somerset Council | B98: Training for teachers | C98: Under 10-17 | D98: Yes | F98: 5 years + | G98: Trained specialists | H98: Online materials,Printed materials,Slides for assemblies or lessons | J98: Yes | K98: Yes | L98: Children and families engaged and outcomes collected for all, number of visits on website monitored Evaluation being completed currently for training programme with INTENT | M98: YP data | N98: Unknown | O98: Part of smoking initiatiave
A99: Hartlepool Borough Council | B99: Website / online information or support | C99: 13-16 | D99: No | F99: over past couple of years - toolkits have been sent out | G99: Public Health have forwarded the materials onto schools. | H99: Slides for assemblies or lessons | I99: Unsure on how the schools have used them at present, but some were designed for assemblies and lessons | J99: No | K99: No | L99: This is something we are looking to do in future | M99: Planned | N99: No data | O99: Stand-alone initiative | P99: Toolkit but unclear if own or Sheffield's
A100: Hartlepool Borough Council | B100: Training for teachers | C100: 13-16 | D100: No | F100: over past couple of years - toolkits have been sent out | G100: Public Health have forwarded the materials onto schools. | H100: Slides for assemblies or lessons | J100: No | K100: No | M100: Planned | N100: No data | O100: Stand-alone initiative
...

Sheet S2
A1: Local authority | B1: Has initiative? (Yes/No) | C1: Integrated with other programmes | D1: Evidence-based? (Yes/No) | E1: Data collected or evaluated? (Yes/No) | F1: Evaluation of Effectiveness | G1: Tailoring Based on Data/feedback | H1: Inaccurate or potentially overstated claims | I1: Outdated Information | J1: Own materials created | K1: ASH resources used | L1: Sheffield/ASH resources used | M1: NHS resources used | N1: FRANK resources used | O1: DHSC/NHS resources used | P1: The exchange / drug science resources used | Q1: NCSCT resources used | R1: INTENT resources used | S1: PSHE Association resources used | T1: Other authorities resources used | U1: Other links used | V1: Availability of resources | W1: Unitary vs upper tier local authority (UTLA) | X1: Notes | Y1: Number of initiatives
A2: Gateshead Council | B2: No | C2: NA | D2: NA | E2: NA | F2: NA | G2: NA | H2: NA | I2: NA | J2: NA | K2: NA | L2: NA | M2: NA | N2: NA | O2: NA | P2: NA | Q2: NA | R2: NA | S2: NA | T2: NA | U2: NA | V2: NA | W2: Unitary | Y2: 0
A3: London Borough of Newham | B3: Yes | C3: Yes | D3: Yes | E3: Yes | F3: YP data | G3: Unknown | H3: Yes; Potentially overstated claims about mental health, Inaccurate information about comparison with smoking, Potentially overstated claims about brain development | I3: Yes; Outdated information about disposable vapes, Outdated statistics | J3: Yes; healthy schools programme | K3: Yes; link to guidance for schools | L3: Yes; link | M3: No | N3: Yes; links | O3: No | P3: No | Q3: No | R3: No | S3: Yes; links broken | T3: Yes; Slough, North West, Wiltshire, Cumbria | U3: Yes; London Tobacco Alliance toolkit, New Zealand vape free website, mental heatlh support | V3: Available | W3: Unitary | X3: Action plan with evaluation plans included | Y3: 5
A4: Thurrock Council | B4: Yes | C4: No | D4: Yes | E4: No | F4: No data | G4: No data | H4: No inaccurate/overstated claims | I4: Yes; Outdated information about disposable vapes, Outdated statistics | J4: No | K4: Yes; survey statistics | L4: Yes; links | M4: No | N4: Yes; via sheffield resources | O4: Yes | P4: No | Q4: No | R4: No | S4: No | T4: Yes: Essex police | U4: Yes; Trading Standards | V4: Available | W4: Unitary | Y4: 1
A5: Darlington Borough Council | B5: No | C5: NA | D5: NA | E5: NA | F5: NA | G5: NA | H5: NA | I5: NA | J5: NA | K5: NA | L5: NA | M5: NA | N5: NA | O5: NA | P5: NA | Q5: NA | R5: NA | S5: NA | T5: NA | U5: NA | V5: NA | W5: Unitary | Y5: 0
A6: Oxfordshire County Council | B6: Yes | C6: No | D6: Yes | E6: No | F6: No data | G6: No data | H6: No inaccurate/overstated claims | I6: Yes; Outdated information about disposable vapes, Outdated statistics | J6: Yes; smokefree school gates, fact sheet | K6: Yes; survey statistics, quitting leaflet | L6: Yes; links | M6: No | N6: Yes; via sheffield resources | O6: Yes; links | P6: No | Q6: Yes; link | R6: Yes | S6: No | T6: No | U6: Yes; Southeast directors; University Hospitals Southampton | V6: Available | W6: UTLA | Y6: 2
A7: Cornwall Council and also the Council of the Isles of Scilly | B7: Yes | C7: Yes | D7: Yes | E7: Yes | F7: YP data | G7: Yes | H7: No inaccurate/overstated claims | I7: Yes; Outdated information about disposable vapes, Outdated statistics | J7: Yes; tailored to schools needs | K7: No | L7: Yes: links | M7: No | N7: Yes; via sheffield resources | O7: No | P7: No | Q7: No | R7: No | S7: No | T7: No | U7: No | V7: Available | W7: Unitary | X7: VapeAnon - anonymous reporting to trading standards | Y7: 5
A8: Brighton and Hove City Council - Healthy Lifestyles Team / Stop Smoking team | B8: Yes | C8: Yes | D8: Yes | E8: No | F8: No data | G8: No data | H8: Unable to assess | I8: Unable to assess | J8: Yes; unclear what | K8: Yes; used to guide | L8: No | M8: No | N8: No | O8: No | P8: No | Q8: Yes; used to guide | R8: No | S8: No | T8: No | U8: No | V8: Unknown | W8: Unitary | Y8: 5
A9: Suffolk County Council | B9: Yes | C9: Yes | D9: Yes | E9: No | F9: No data | G9: No data | H9: Unable to assess | I9: Unable to assess | J9: Yes; unclear what | K9: No | L9: No | M9: No | N9: No | O9: No | P9: No | Q9: No | R9: No | S9: No | T9: No | U9: No | V9: Internal only | W9: UTLA | Y9: 2
A10: Torbay Council | B10: Yes | C10: Yes | D10: Yes | E10: No | F10: No data | G10: No data | H10: No inaccurate/overstated claims | I10: Yes; Outdated information about disposable vapes, Outdated statistics | J10: No | K10: Yes; link to factsheet and includes survey data | L10: Yes; link | M10: No | N10: Yes; via sheffield resources | O10: No | P10: No | Q10: No | R10: No | S10: No | T10: No | U10: Yes; Trading standards | V10: Available | W10: Unitary | Y10: 1
A11: Gloucestershire County Council | B11: Yes | C11: Yes | D11: No | E11: Yes | F11: Planned, Deliverer feedback | G11: Yes | H11: No inaccurate/overstated claims | I11: Yes; Outdated information about disposable vapes, Outdated statistics | J11: Yes; healthy lifestyles website and whole school approach | K11: No | L11: Yes; links | M11: No | N11: Yes; links | O11: Yes | P11: Yes | Q11: No | R11: No | S11: Yes; link to conference workshop | T11: No | U11: Yes; BBC epidode | V11: Available | W11: UTLA | Y11: 4
A12: Blackpool Council | B12: Yes | C12: Unknown | D12: Unknown | E12: Unknown | F12: Unknown | G12: Unknown | H12: Yes;Potentially overstated claims about vaping causing smoking | I12: Yes; Outdated information about disposable vapes, Outdated statistics | J12: Yes | K12: Yes; survey data | L12: No | M12: No | N12: Yes; link | O12: No | P12: No | Q12: No | R12: No | S12: No | T12: No | U12: Yes; Addiction service | V12: Available | W12: Unitary | X12: Resource to parents claims that 9% of youth now smoke as a result of vaping. Data from 3,532 young people aged 10 to 24 showed that 5% of their sample said they vaped after they had smoked. 9% of those who vaped said ‘yes’ to having started after vaping – a much smaller proportion than 9% of all young people in the area. This is an association, not causality. | Y12: 7
A13: Leicester City Council | B13: No | C13: NA | D13: NA | E13: NA | F13: NA | G13: NA | H13: NA | I13: NA | J13: NA | K13: NA | L13: NA | M13: NA | N13: NA | O13: NA | P13: NA | Q13: NA | R13: NA | S13: NA | T13: NA | U13: NA | V13: NA | W13: UTLA | Y13: 0
A14: London Borough of Havering | B14: Yes | C14: Yes | D14: Yes | E14: No | F14: No data | G14: No data | H14: Unable to assess | I14: Unable to assess | J14: No | K14: No | L14: No | M14: No | N14: No | O14: No | P14: No | Q14: No | R14: No | S14: No | T14: No | U14: No | V14: Unknown | W14: Unitary | Y14: 1
A15: North Northamptonshire Council | B15: Yes | C15: No | D15: Yes | E15: No | F15: No data | G15: No data | H15: Unable to assess | I15: Unable to assess | J15: Yes; not completed | K15: No | L15: No | M15: No | N15: No | O15: No | P15: No | Q15: Yes; used to guide | R15: No | S15: No | T15: No | U15: No | V15: Available | W15: Unitary | Y15: 2
A16: Bury Council | B16: Yes | C16: Yes | D16: Unknown | E16: Yes | F16: Claimed | G16: Not stated | H16: No inaccurate/overstated claims | I16: Yes; Outdated information about disposable vapes | J16: Yes; intervention but not enough detail to assess, training for teachers, primary and secondary | K16: No | L16: No | M16: No | N16: No | O16: No | P16: No | Q16: No | R16: No | S16: No | T16: No | U16: Yes; Early Break referral | V16: Unknown | W16: Unitary | Y16: 3
A17: Worcestershire County Council | B17: Yes | C17: No | D17: Yes | E17: Yes | F17: YP feedback | G17: Yes | H17: Yes; Potentially overstated claims about brain development | I17: Yes; Outdated information about disposable vapes, Outdated statistics | J17: Yes; posters and slides, infographic | K17: Yes; link | L17: No | M17: No | N17: Yes; link | O17: No | P17: No | Q17: No | R17: No | S17: No | T17: No | U17: No | V17: Available | W17: UTLA | X17: Social norms theory used | Y17: 1
A18: Nottinghamshire County Council | B18: Yes | C18: No | D18: Yes | E18: No | F18: No data | G18: No data | H18: No inaccurate/overstated claims | I18: Yes; Outdated information about disposable vapes, Outdated statistics | J18: Yes | K18: Yes; based on recommendations | L18: Yes; links | M18: Yes; links | N18: Yes; link | O18: Yes | P18: No | Q18: Yes; link | R18: Yes | S18: Yes; Lifelab | T18: Yes; NICE recommendations, ADPH Southeast | U18: Yes; MHRA, trading standards, hope uk etc. | V18: Internal only | W18: UTLA | X18: Duplicate entry merged. Social norms theory included in padlet | Y18: 5
A19: Devon County Council | B19: Yes | C19: Yes | D19: Yes | E19: No | F19: Planned | G19: No data | H19: Yes; Potentially overstated claims about brain development | I19: Yes; Outdated statistics | J19: Yes; slides and policy template, whole school approach | K19: Yes; link to website | L19: Yes; link | M19: No | N19: Yes; link | O19: Yes; link | P19: No | Q19: No | R19: No | S19: Yes; link is broken | T19: No | U19: Yes; BBc bitesize, the Mix, Better Health | V19: Available | W19: UTLA | Y19: 1
A20: West Berkshire Council's Public Health Team | B20: Yes | C20: No | D20: Yes | E20: No | F20: No data | G20: No data | H20: Yes; Inaccurate information about comparison with smoking, Potentially overstated claims about brain development,Potentially overstated claims about vaping causing seizures | I20: Yes; Outdated information about disposable vapes | J20: Yes; slides, parental advice | K20: No | L20: No | M20: No | N20: Yes; link | O20: No | P20: No | Q20: No | R20: No | S20: No | T20: No | U20: Yes; smokefree teen | V20: Unknown | W20: Unitary | Y20: 2
A21: Barnsley Council | B21: Yes | C21: Yes | D21: Yes | E21: No | F21: Planned | G21: No data | H21: Unable to assess | I21: Yes; Outdated information about disposable vapes, Outdated statistics | J21: No | K21: No | L21: Yes; shared in ondrive | M21: No | N21: Yes; via Sheffield resources | O21: No | P21: No | Q21: No | R21: No | S21: No | T21: No | U21: No | V21: Available | W21: Unitary | Y21: 7
A22: City of London Corporation and Hackney Council | B22: Yes | C22: Yes | D22: Yes | E22: No | F22: No data | G22: No data | H22: No inaccurate/overstated claims | I22: Yes; Outdated information about disposable vapes, Outdated statistics | J22: No | K22: Yes; based on reccommendations | L22: Yes | M22: No | N22: Yes; via sheffield resources | O22: Yes | P22: No | Q22: No | R22: No | S22: No | T22: No | U22: No | V22: Unknown | W22: Unitary | Y22: 3
A23: London Borough of Bexley | B23: Yes | C23: Yes | D23: Yes | E23: Yes | F23: Claimed | G23: Not stated | H23: No inaccurate/overstated claims | I23: Yes; Outdated information about disposable vape, Outdated statistics | J23: No | K23: No | L23: No | M23: No | N23: No | O23: No | P23: No | Q23: No | R23: Yes | S23: No | T23: No | U23: No | V23: Internal only | W23: Unitary | Y23: 3
A24: Rochdale Borough Council | B24: Yes | C24: Yes | D24: No | E24: No | F24: No data | G24: No data | H24: No inaccurate/overstated claims | I24: No outdated information | J24: Yes; whole school approach | K24: No | L24: No | M24: No | N24: No | O24: No | P24: No | Q24: No | R24: No | S24: No | T24: No | U24: No | V24: Unknown | W24: Unitary | Y24: 5
A25: Catch22 commisioned service by London Borough of Merton | B25: Yes | C25: Yes | D25: Yes | E25: Yes (determined by submitted materials) | F25: Planned, YP feedback, YP data | G25: Yes (slides suggest tailoring based on feedback for social media and texts) | H25: Yes; Potentially overstated claims about brain development, Inaccurate information about comparison with smoking, Inaccurate information about overheating | I25: Yes; Outdated information about disposable vapes, Outdated statistics | J25: Yes; slides and workshop, training, resource packs | K25: Yes; survey statistics | L25: No | M25: Yes; website | N25: No | O25: No | P25: No | Q25: No | R25: No | S25: No | T25: No | U25: No | V25: Available | W25: Unitary | X25: Duplicate entry merged | Y25: 8
A26: Herefordshire Council | B26: Yes | C26: Unknown | D26: Unknown | E26: Unknown | F26: Unknown | G26: Unknown | H26: Unable to assess | I26: Unable to assess | J26: Yes; healthy schools and one-off awareness campaign | K26: No | L26: No | M26: No | N26: No | O26: No | P26: No | Q26: No | R26: No | S26: No | T26: No | U26: No | V26: Unknown | W26: Unitary | Y26: 1
A27: North Tyneside Council | B27: Yes | C27: Unknown | D27: Unknown | E27: Unknown | F27: Unknown | G27: Unknown | H27: Unable to assess | I27: Unable to assess | J27: Yes; website now unavailable | K27: No | L27: No | M27: No | N27: No | O27: No | P27: No | Q27: No | R27: No | S27: No | T27: No | U27: No | V27: Available | W27: Unitary | Y27: 1
A28: Solutions 4 Health - Slough Borough Council | B28: Yes | C28: Unknown | D28: Unknown | E28: Unknown | F28: Unknown | G28: Unknown | H28: Unable to assess | I28: Unable to assess | J28: Yes; training | K28: No | L28: No | M28: No | N28: No | O28: No | P28: No | Q28: No | R28: No | S28: No | T28: No | U28: No | V28: Unknown | W28: Unitary | Y28: 5
A29: London Borough of Camden | B29: Yes | C29: Unknown | D29: Unknown | E29: Unknown | F29: Unknown | G29: Unknown | H29: Unable to assess | I29: Unable to assess | J29: No | K29: No | L29: No | M29: No | N29: No | O29: No | P29: No | Q29: No | R29: No | S29: No | T29: No | U29: No | V29: Unknown | W29: Unitary | Y29: 2
A30: Cheshire East Council | B30: Yes | C30: Unknown | D30: Unknown | E30: Unknown | F30: Unknown | G30: Unknown | H30: No inaccurate/overstated claims | I30: Yes; Outdated statistics | J30: No | K30: Yes; survey statistics | L30: Yes; links | M30: No | N30: Yes; via sheffield resources | O30: No | P30: No | Q30: No | R30: No | S30: No | T30: No | U30: No | V30: Available | W30: Unitary | Y30: 1
A31: East Sussex County Council | B31: Yes | C31: Yes | D31: Yes | E31: Yes | F31: Claimed | G31: Planned | H31: Unable to assess | I31: Yes; Outdated information about disposable vape, Outdated statistics | J31: Yes; whole school approach and support within schools | K31: No | L31: Yes | M31: No | N31: No | O31: No | P31: No | Q31: No | R31: No | S31: No | T31: No | U31: No | V31: Internal only | W31: UTLA | Y31: 3
A32: Staffordshire County Council | B32: Yes | C32: Yes | D32: Yes | E32: Yes | F32: YP feedback, Deliverer feedback | G32: Unknown | H32: Yes; Potentially overstated claims about brain development, Inaccurate information about comparison with smoking | I32: Yes; Outdated information about disposable vapes, Outdated statistics | J32: Yes; videos for website and duides for a range of audiences | K32: Yes; local toolkit | L32: No | M32: No | N32: No | O32: No | P32: No | Q32: Yes | R32: No | S32: No | T32: No | U32: OHID | V32: Available | W32: UTLA | Y32: 2
A33: Stoke-on-Trent Council | B33: No | C33: NA | D33: NA | E33: NA | F33: NA | G33: NA | H33: NA | I33: NA | J33: NA | K33: NA | L33: NA | M33: NA | N33: NA | O33: NA | P33: NA | Q33: NA | R33: NA | S33: NA | T33: NA | U33: NA | V33: NA | W33: Unitary | Y33: 0
A34: Somerset Council | B34: Yes | C34: Yes | D34: Yes | E34: Yes | F34: YP data | G34: Unknown | H34: Yes; Inaccurate information about comparison with smoking | I34: Yes; Outdated information about disposable vapes, Outdated statistics | J34: Yes; poster, video | K34: Yes; link to factsheet | L34: No | M34: No | N34: Yes; link | O34: No | P34: No | Q34: Yes | R34: Yes | S34: No | T34: No | U34: Yes; Trading standards, OHID, New Zealand vape free schools, ADPH southeast | V34: Internal only | W34: Unitary | Y34: 4
A35: Hartlepool Borough Council | B35: Yes | C35: No | D35: No | E35: No | F35: Planned | G35: No data | H35: Unable to assess | I35: Unable to assess | J35: No | K35: No | L35: No | M35: No | N35: No | O35: No | P35: No | Q35: No | R35: No | S35: No | T35: No | U35: No | V35: Unknown | W35: Unitary | X35: Toolkit but unclear if own or Sheffield's | Y35: 2
A36: Buckinghamshire Council | B36: Yes | C36: Yes | D36: Yes | E36: Yes | F36: Claimed | G36: Not stated | H36: No inaccurate/overstated claims | I36: Yes; Outdated statistics | J36: Yes; workshops | K36: No | L36: Yes; links | M36: No | N36: Yes; via Sheffield resources | O36: No | P36: No | Q36: No | R36: No | S36: No | T36: Yes; ADHP southeast | U36: No | V36: Available | W36: Unitary | Y36: 3
A37: Sheffield City Council | B37: Yes | C37: Yes | D37: Yes | E37: Yes | F37: Deliverer feedback | G37: Yes | H37: No inaccurate/overstated claims | I37: Yes; Outdated information about disposable vapes, Outdated statistics | J37: Yes; developed Sheffield materials | K37: Yes; survey statistics | L37: Yes | M37: Yes; links | N37: Yes; links | O37: No | P37: No | Q37: No | R37: No | S37: No | T37: No | U37: No | V37: Available | W37: Unitary | Y37: 8
A38: Lambeth Council | B38: Yes | C38: No | D38: No | E38: No | F38: No data | G38: No data | H38: Unable to assess | I38: Unable to assess | J38: No | K38: No | L38: No | M38: No | N38: No | O38: No | P38: No | Q38: No | R38: No | S38: No | T38: No | U38: No | V38: Unknown | W38: Unitary | X38: Website not found | Y38: 1
A39: London Borough of Lewisham | B39: Yes | C39: No | D39: No | E39: Yes | F39: Claimed | G39: Not stated | H39: Unable to assess | I39: Unable to assess | J39: No | K39: No | L39: No | M39: No | N39: No | O39: No | P39: No | Q39: No | R39: No | S39: No | T39: No | U39: No | V39: Available | W39: Unitary | Y39: 4
A40: City of York Council | B40: Yes | C40: Yes | D40: Unknown | E40: Yes | F40: YP feedback, Deliverer feedback | G40: Not stated | H40: No inaccurate/overstated claims | I40: Yes; Outdated information about disposable vapes, Outdated statistics | J40: Yes; video, leaflets, postcards and posters, and slides | K40: Yes; link and survey statistics | L40: Yes; adapted | M40: No | N40: Yes; via Sheffield resources | O40: No | P40: No | Q40: No | R40: No | S40: No | T40: No | U40: No | V40: Available | W40: Unitary | Y40: 7
A41: Bristol City Council | B41: Yes | C41: Yes | D41: Yes | E41: Unknown | F41: Unknown | G41: Unknown | H41: Yes; Potentially overstated claims about brain development | I41: No outdated information | J41: Yes; videos (in collaboration with University of Bristol), wholistic school approach, healthy schools award | K41: No | L41: Yes; links | M41: No | N41: Yes; links | O41: Yes | P41: No | Q41: No | R41: No | S41: Yes | T41: No | U41: Yes; ASH wales, drugwise, Talk about trust, safe4me | V41: Available | W41: Unitary | Y41: 5
A42: Cheshire West and Chester Council | B42: No | C42: NA | D42: NA | E42: NA | F42: NA | G42: NA | H42: NA | I42: NA | J42: NA | K42: NA | L42: NA | M42: NA | N42: NA | O42: NA | P42: NA | Q42: NA | R42: NA | S42: NA | T42: NA | U42: NA | V42: NA | W42: Unitary | Y42: 0
A43: Manchester City Council | B43: Yes | C43: No | D43: Yes | E43: Yes | F43: Claimed | G43: Not stated | H43: Unable to assess | I43: Unable to assess | J43: Yes; unclear what | K43: No | L43: No | M43: No | N43: No | O43: No | P43: No | Q43: No | R43: No | S43: No | T43: No | U43: No | V43: Unknown | W43: Unitary | X43: No information provided | Y43: 7
A44: London Borough of Croydon | B44: Yes | C44: No | D44: Yes | E44: No | F44: No data | G44: No data | H44: Yes; Potentially overstated claims about brain development, Inaccurate information about the legality (it is illegal to sell vapes not buy), Potentially overstated claims about vaping causing seizures, Potentially overstated claims about mental health | I44: Yes; Outdated information about disposable vapes, Outdated statistics | J44: Yes; leaflets and guide for parents | K44: Yes; links | L44: Yes; links | M44: Yes; link to better health and info about gum disease | N44: Yes; links | O44: No | P44: No | Q44: No | R44: No | S44: No | T44: No | U44: Yes; Change grow live self referral | V44: Unknown | W44: Unitary | Y44: 1
A45: Stockport Council | B45: Yes | C45: Unknown | D45: Unknown | E45: Unknown | F45: Unknown | G45: Unknown | H45: Unable to assess | I45: Unable to assess | J45: No | K45: No | L45: No | M45: No | N45: No | O45: No | P45: No | Q45: No | R45: No | S45: No | T45: No | U45: No | V45: Unknown | W45: Unitary | X45: Support to quit but not prevention | Y45: 5
A46: Kirklees Metropolitan Borough Council | B46: Yes | C46: Yes | D46: Yes | E46: No | F46: No data | G46: No data | H46: Unable to assess | I46: Unable to assess | J46: Yes; not provided | K46: No | L46: No | M46: No | N46: No | O46: No | P46: No | Q46: No | R46: No | S46: No | T46: No | U46: No | V46: Available | W46: Unitary | Y46: 2
A47: Sunderland City Council | B47: Yes | C47: Yes | D47: Yes | E47: No | F47: No data | G47: No data | H47: No inaccurate/overstated claims | I47: Yes; Outdated information about disposable vapes, Outdated statistics | J47: Yes; video | K47: Yes; link to survey | L47: Yes; embedded video | M47: Yes; link to better health | N47: Yes; links | O47: Yes; link | P47: No | Q47: No | R47: No | S47: No | T47: No | U47: Yes; ADHP Northeast, trading standards, NICE | V47: Available | W47: Unitary | Y47: 3
A48: Rotherham Metropolitan Borough Council | B48: Yes | C48: Yes | D48: Unknown | E48: Yes | F48: Planned | G48: Planned | H48: No inaccurate/overstated claims | I48: Yes; Outdated information about disposable vapes, Outdated statistics | J48: Yes; workshops and assemblies | K48: No | L48: Yes; links / embedded on website | M48: No | N48: Yes; via Sheffield resources | O48: No | P48: No | Q48: No | R48: No | S48: No | T48: No | U48: Yes; Trading standards | V48: Available | W48: Unitary | X48: Duplicate entry merged | Y48: 3
A49: Shropshire Council | B49: Yes | C49: Yes | D49: Yes | E49: No | F49: No data | G49: No data | H49: Yes; Inaccurate information about research on young people and vape research | I49: Yes; Outdated information about disposable vapes, Outdated statistics | J49: Yes; developed by a school | K49: Yes; link to all resources | L49: Yes; links | M49: No | N49: Yes; link | O49: Yes | P49: No | Q49: No | R49: No | S49: No | T49: No | U49: Yes; Info re. exploitaion, grooming and gangs, ADPH, MHRA, Trading standards | V49: Available | W49: Unitary | Y49: 4
A50: Bradford Metropolitan District Council | B50: Yes | C50: No | D50: Yes | E50: No | F50: No data | G50: No data | H50: No inaccurate/overstated claims | I50: Yes; Outdated information about disposable vapes, Outdated statistics | J50: Yes; Step2 workshops | K50: Yes; links to surveys | L50: No | M50: Yes; better health | N50: No | O50: No | P50: No | Q50: No | R50: No | S50: No | T50: No | U50: No | V50: Available | W50: Unitary | Y50: 2
A51: Wiltshire Council | B51: Yes | C51: Unknown | D51: Unknown | E51: Unknown | F51: Unknown | G51: Unknown | H51: Unable to assess | I51: Unable to assess | J51: Yes; no information | K51: No | L51: No | M51: No | N51: No | O51: No | P51: No | Q51: No | R51: No | S51: No | T51: No | U51: No | V51: Unknown | W51: Unitary | X51: No information provided | Y51: 3
A52: Wigan Council | B52: Yes | C52: Yes | D52: Yes | E52: No | F52: No data | G52: No data | H52: No inaccurate/overstated claims | I52: Yes; Outdated information about disposable vapes, Outdated statistics | J52: No | K52: Yes; links to surveys | L52: No | M52: Yes; better health | N52: Yes; link | O52: Yes | P52: No | Q52: No | R52: Yes | S52: Yes | T52: Yes; Northwest policy | U52: Yes; Trading standards | V52: Internal only | W52: Unitary | X52: Duplicate entry merged | Y52: 4
A53: Islington Council | B53: Yes | C53: Yes | D53: Yes | E53: No | F53: No data | G53: No data | H53: No inaccurate/overstated claims | I53: Yes; Outdated information about disposable vapes, Outdated statistics | J53: Yes; leaflet and easy-read | K53: Yes; used to guide | L53: No | M53: Yes; quitting smoking and myths | N53: No | O53: Yes; used to develop resources | P53: No | Q53: Yes; used to develop resources | R53: No | S53: No | T53: No | U53: No | V53: Available | W53: Unitary | Y53: 2
A54: Public Health – a shared service across Central Bedfordshire, Bedford Borough and Milton Keynes | B54: Yes | C54: Yes | D54: Yes | E54: No | F54: No data | G54: No data | H54: No inaccurate/overstated claims | I54: No outdated information | J54: Yes; guidance for schools | K54: Yes; training resources, factsheets and briefs | L54: Yes; links | M54: No | N54: Yes; link | O54: Yes; link | P54: No | Q54: No | R54: No | S54: Yes; link | T54: No | U54: Yes; ADHP, Trading standards | V54: Available | W54: Unitary | X54: Duplicate entry merged | Y54: 3
A55: North Somerset Council | B55: Yes | C55: Yes | D55: Yes | E55: Unknown | F55: Unknown | G55: Unknown | H55: No inaccurate/overstated claims | I55: Yes; Outdated information about disposable vapes, Outdated statistics | J55: Yes; slides, whole school approach, healthy schools | K55: Yes; survey statistics | L55: Yes; links | M55: No | N55: Yes; link | O55: Yes; link | P55: No | Q55: No | R55: Yes | S55: Yes; link | T55: No | U55: Yes; MHRA, trading standards, NICE, safe4me | V55: Available | W55: Unitary | Y55: 3
A56: Derbyshire County Council | B56: Yes | C56: Unknown | D56: Unknown | E56: Unknown | F56: Unknown | G56: Unknown | H56: Unable to assess | I56: Unable to assess | J56: No | K56: No | L56: No | M56: No | N56: No | O56: No | P56: No | Q56: No | R56: No | S56: No | T56: No | U56: No | V56: Unknown | W56: UTLA | X56: No information provided | Y56: 2
A57: Leeds City Council | B57: Yes | C57: Yes | D57: Yes | E57: No | F57: No data | G57: No data | H57: Unable to assess | I57: Unable to assess | J57: Yes; holistic whole school approach, healthy schools | K57: No | L57: No | M57: No | N57: No | O57: No | P57: No | Q57: No | R57: No | S57: No | T57: No | U57: No | V57: Unknown | W57: Unitary | Y57: 1
A58: Wirral Council | B58: Yes | C58: Unknown | D58: Unknown | E58: Unknown | F58: Unknown | G58: Unknown | H58: Unable to assess | I58: Unable to assess | J58: No | K58: No | L58: No | M58: No | N58: No | O58: No | P58: No | Q58: No | R58: No | S58: No | T58: No | U58: No | V58: Unknown | W58: Unitary | Y58: 1

Sheet S3
A1: Local authority | B1: Materials/resources provided | C1: Evidence or information used | D1: Challenges faced | E1: Potential improvements needed | F1: Plans to expand/develop | G1: Additional documents/information | H1: Plans to implement an initiative (if none currently)
A2: Gateshead Council | B2: NA | C2: NA | D2: NA | E2: NA | F2: NA | G2: NA | H2: No
A3: London Borough of Newham | B3: "https://www.wellnewham.org.uk/advice/young-people-and-vaping " - scroll down below for additional resources, Professionals - Youth Vaping Training (1).pptx, Newham Vaping Toolkit (Digital).pdf, Young people Action Plan on Vaping and Smoking in Newham.pdf, Newham Trading Standards - Business card.pdf | C3: " https://ash.org.uk/resources/view/use-of-e-cigarettes-among-young-people-in-great-britain " All resource links we refer to in our vaping prevention work can be found at the end of the vaping toolkit. Newham Vaping Toolkit (Digital).pdf | D3: Lack of national guidance on messaging around vaping. Confusing when vapes are an effective cessation aid for adult smokers but strongly discouraged among young people and non-smokers, as they think vapes are safer alternative. | E3: Clearer national guidance following the ban of disposable vapes which can be disseminated to local authorities. Additional research on cost-effective interventions to support young people who are dependent on vaping which local authorities can implement within their local programmes. | F3: Expansion of school-based prevention programmes targeting primary school pupils.
A4: Thurrock Council | B4: " https://www.thurrocktradedservices.co.uk/Page/41235 " | C4: The materials we use were created by ASH and Smokefree Sheffield, and are evidence based. | D4: none | E4: we should build in a feedback loop from schools. They asked for resources and we need to know whether they are using them and how they are finding them. | F4: although no plans in place, we will need to revisit some of materials in line with the T&V bill when it receives ascent. We would also want to look at nicotine products more broadly than just vapes, as pouch use could rise following the disposable ban. | G4: Campaign materials are available to all schools and colleges, and they are encouraged to use the materials in school. There are posters that can be downloaded and printed and used in schools. There is a classroom resource pack/teachers notes and a parent/carer leaflet. There is a video on the Council You Tube that can be linked in schools comms. These were purchased from Smokefree Sheffield and supplied with the Thurrock Council logo added. There is an offer that Youth Cabinet members or members of Young HealthWatch can co-deliver sessions in schools, using the materials
A5: Darlington Borough Council | B5: NA | C5: NA | D5: NA | E5: NA | F5: NA | G5: NA | H5: No
A6: Oxfordshire County Council | B6: " https://www.oxfordshire.gov.uk/residents/social-and-health-care/public-health-and-wellbeing/smoke-free-oxfordshire#paragraph-16226 ", " https://intent.evidencetoimpact.com/ " | C6: use an evidence based programme | D6: schools taking up the programme | E6: not sure | F6: we are researching other ways to prevention of vaping | G6: No
A7: Cornwall Council and also the Council of the Isles of Scilly | B7: "https://vapeanon.com/ " VapeANON was developed in response to a request from CYP at our 2024 "Annual Conversation" , "https://www.cornwall.gov.uk/health-and-social-care/childrens-services/childrens-rights/our-projects-and-activities/annual-conversation/annual-conversation-2024/ " #smoking, "https://www.healthycornwall.org.uk/youth-vaping-toolkit/" | C7: Vaping toolkit adapted from ASH/Sheffield Council resources. VapeANON developed with local Youth Council members and consultation with CYP event. | D7: Resources/competing demands. | E7: A national campaign and resources. Keen to hear more about the national "love your lungs" campaign. | F7: Future work will be informed by results of local survey of CYP on use of vapes etc. Expect to run activities to support the implementation of the Tobacco and vapes bill e.g. expand current smokefree play park initiatives to include vape free spaces. Reducing the number of CYP vaping is a current aim of our local Smokefree Alliance. | G7: No - except to note we are trying to maintain a focus on smoking.
A8: Brighton and Hove City Council - Healthy Lifestyles Team / Stop Smoking team | B8: Vaping Diary .docx | C8: I work with the latest guidance and evidence from the National Centre for Smoking Cessation and Training as well as ASH, as well as evidence based behaviour change and motivational interviewing techniques from my experience in smoking cessation. There isn't really any official guidance from these bodies yet around youth vaping cessation but we are all helping to form it and it should be coming soon! | D8: Perhaps not many young people really wanting to stop vaping, lacking the incentive or any evidence of serious health risks - difficult as most peers also vape. Lacking official guidance, as mentioned, but feel confident in forming a program and with co-production with young people. | E8: More social media reach - more peer -led sessions | F8: No | G8: Aimed at children and young people aged 12-18 - going well generally I think! Not so much vape 'prevention' as such, but can support and encourage cessation - tends to be more vaping education, harm prevention, education around illicit vapes, environmental impact - beyond the addiction and illegality which is a problem, there are as yet no proven significant health risks
A9: Suffolk County Council | B9: Our materials are uploaded to a portal accessible only by schools. | C9: Gathered from a range of sources | D9: We don't currently have resource (staff, money) to add to the suite of information to further support the messaging around vaping harm | E9: Government focus on vaping and YP - currently the focus (money, reporting requirements) is soley on tobacco, and as such the resources are channelled in those areas. | F9: potentially looking at a graded plan of what activities could be offered if there was more time/money available - this will be completed within the next 12 months
A10: Torbay Council | B10: " http://www.healthylearningtorbay.co.uk/themes/smoking-and-vaping/ " | C10: References of research and materials cited are included on the website. | D10: Lack of local surveillance data on rates of vaping amongst young people Lack of current evidence on what types of interventions have been tested and evaluated Capacity within schools is limited and teachers can only do so much in their roles alongside the many other pressures and priorities they have | F10: Currently scoping what a support offer to assist young people who are nicotine dependant
A11: Gloucestershire County Council | B11: " https://www.nhsglos.nhs.uk/your-health-services/healthy-communities/vaping/ ", " https://www.ghll.org.uk/pink-safeguarding-curriculum/pink-curriculum-resources/resources-for-key-stages-34/vaping/ ", " https://www.gloucestershire.gov.uk/education-and-learning/families-in-partnership-newsletters/families-in-partnership-newsletter-february-2025/young-people-and-vaping/" , " https://hlsglos.org/stop-smoking/vaping-faqs/ " | D11: Pulling together resources when nationally/locally, the evidence base is limited. Community engagement - currently there is no specialist vaping cessation service to signpost young people on to, so partner agencies can only provide support to young people that vape to a certain point. | E11: The introduction of a specialist vaping cessation pathway for young people would improve support and boost quit rates. | F11: Currently a under-18 vaping cessation pathway is being developed by the healthy lifestyles service.
A12: Blackpool Council | B12: Healthwatch Blackpool Vaping and YP Report " https://healthwatchblackpool.co.uk/vaping "
A13: Leicester City Council | B13: NA | C13: NA | D13: NA | E13: NA | F13: NA | G13: NA | H13: Yes; We are planning a co-design of educational materials around smoking and vaping. Working in partnership with young people.
A14: London Borough of Havering | C14: national campaign assets | D14: Capacity of teachers and PHSE leads to attend meetings | E14: More engagament with schools/colleges | F14: Youth vaping needs assessment, engagement with parents
A15: North Northamptonshire Council | B15: " https://www.northnorthants.gov.uk/stop-smoking-drug-and-alcohol-support/stop-smoking/e-cigarettes " " https://www.northnorthants.gov.uk/stop-smoking-drug-and-alcohol-support/stop-smoking/stopping-vaping " " https://northnorthants.moderngov.co.uk/documents/s27658/Agenda%20Item%2004%20-%20Appendix%20B%20Smoking%20and%20Vaping.pdf " | C15: For the website we utilised the NCSCT guidance around advice to stop vaping, for the school guidance we have used a document produced by Public Health Wales. | D15: For the school policy guidance we were expecting far more interest when we went out to consult with schools. It took 3 months and multiple chaser emails - eventually two schools came back. | F15: No | G15: We did float the idea to a few schools around potentially commissioning INTENT - however the response was underwhelming. We held a webinar and around 8 schools turned up. We are looking forward to exploring this area more though now that SFG priorities have been achieved, there has simply not been the capacity to do additional things relating to vaping - especially when there is no real evidence based around vaping cessation yet.
A16: Bury Council | B16: Schools vaping presentation.pptx, Q1 EB CYP Schools vape report GS (005).docx,
A17: Worcestershire County Council | B17: This is a test copy of the pre and post intervention survey that was undertaken at an FE College " https://forms.office.com/e/L5b9XwAf5B ", College webpage, part of the intervention: " https://www.wsfc.ac.uk/vaping-information-for-parents-and-carers/" , Social Norms Vaping Project school agreement FINAL.docx, JN2425.279 Social Norms Vaping Campaign - Hands A3.pdf, JN2425.279 Social Norms Vaping Campaign - Pull-up Banner.pdf, WSFC Vaping prevention FE tutorial.pdf | C17: Social norms research and approach generally eg " https://pubmed.ncbi.nlm.nih.gov/12022722/ " | D17: School responsiveness to ensure that at least 50% of pupils completed the surveys. | E17: We amended the programme after the pilot school to ensure more commitment from schools so that they programme had a specific lifespan and didn't drag on. See one of the documents uploaded. We added information about health impacts of vaping to the posters as this was something young people told us that they wanted to know about. Looking forward we thing promoting the importance of not offering a vape to another person and not accepting one is an important angle to follow. | F17: We would like to offer this intervention to a small number of schools each year if we get take up. I feel it is important to have more information for young people about how to quit vaping as we hear this anecdotally. This is important if we are running these types of campaigns in schools/colleges. | G17: I haven't uploaded the results of the interventions and outcomes. I'd be happy to discuss and share these alongside the limitations and considerations. [email address removed] but has only been delivered in 1 secondary school as a pilot and currently running in an FE college. There is not the capacity to deliver to all schools and there has been little interest by schools, to be involved.
A18: Nottinghamshire County Council | B18: " https://padlet.com/kaymassingham/notts-vape-free-schools-resource-pack-v20lldho8fvd4u3r " (Non-searchable link, shared with schools and other professional audiences in Nottinghamshire). CYP Vaping Webinar Notts health promo 9.6.2025.pdf | C18: We are using Intent which is an evidence based programme. | D18: Lack of engagement by schools | E18: Try to get schools to participate | F18: We are proposing to decommission the INTENT programme next year and replace it with something coproduced with schools and young people
A19: Devon County Council | B19: "https://www.devonschoolswellbeing.org.uk/smoking-vaping/" , TEMPLA~1.DOC,Vaping Infographic (A5) (2).pdf, | C19: Discussions held with schools about what kinds of support they want. Knowledge gained from the first iteration of Operation Vapour where the Police tested confiscated vapes that schools provided. This helped shape our thinking. | D19: One of the key challenges in implementing the youth vaping prevention initiative has been navigating the integration within the existing Local Specialist Stop Smoking Service (LSSS). While there is strong recognition of the importance of addressing youth vaping, there are understandable concerns about how embedding this initiative might impact the core business of the LSSS. Specifically, there is apprehension around the potential strain on resources and capacity, particularly in terms of meeting increased demand without compromising the quality and accessibility of existing services. Balancing the need for targeted youth prevention work with the ongoing delivery of adult cessation support requires careful planning, clear role delineation, and potentially additional resourcing to ensure both priorities can be effectively met. With the information packs that were sent out to schools we realised that they are not fit for SEN provision so we have paused that while we develop a resource pack that is appropriate. The other area that needs more thought is support for colleges as they cater for the transitional ages of 16 plus and many pupils are over the age of 18. The comms would need to be carefully developed with this in mind. | E19: There is still much to learn about the young people who will engage with this service, as well as those who may not currently be accessing it. As our understanding of their needs evolves, the service may need to be iteratively developed to ensure it remains responsive and effective. This could include increasing the availability of behavioural support appointments, exploring the introduction of Nicotine Replacement Therapy (NRT) where appropriate, and considering alternative formats such as group-based support. Flexibility will be key, allowing the service to adapt based on emerging insights and feedback from both young people and practitioners. | F19: No | G19: (Public Health mailed out to schools posters, leaflets and information to support schools in educating pupils and staff. Directed to online resources - assembly presentation. Clear instructions to differing support regarding nicotine and drug vape use.)
A20: West Berkshire Council's Public Health Team | B20: Vaping Presentation Schools 2025 version.pptx, Primary School Vaping Presentation 2024.pptx, Illegal vapes.pdf, Talking to Teens_Vaping_links.pdf | C20: Schools Attitudinal Survey Results Data 2024 -Schools Slide Pack.pptx, | D20: Lack of resourcing. | E20: More resourcing. | F20: Agreement in principle from DPH to implement a quit nicotine service for young people within West Berkshire. Business is currently being drafted.
A21: Barnsley Council | B21: Unable to attached links as on SharePoint. Tried dragging some resources in to the boxes but it won't allow? " https://www.livewellbarnsley.co.uk/directory/bmbc-youth-vaping/ " | C21: We have used all the resources developed and provided from ASH. We have recently commissioned Performance in Education to go in to schools. Our local stop smoking service uses evidence from ASH and other sources. As previously, unable to attach files? | D21: Keeping up to date with new evidence and ensuring this is disseminated. Ensuring messages are consistent. | E21: Consistent messaging i.e. don't vape if under 18, don't vape if not smoked etc. vs the swap to stop scheme in addition to smoke free environments where swap to stop is delivered i.e. hospitals. | F21: We will follow the evidence and consistently send out messages and deliver evidenced-based interventions.
A22: City of London Corporation and Hackney Council | B22: We are currently undergoing a CYP insights and intervention design project. This will inform future work and we are happy to share resources when they are completed in the coming month/s. | C22: ASH youth vaping resources, OHID resource pack for schools on vaping, Sheffield vaping resource on ASH website We conducted our own youth vaping survey in April 2025, the results of which will be used to inform the implementation of educational intervention | D22: Lack of time in PSHE classes, time constraints in working with schools overall Focus of tobacco control funding being on tobacco leaves less flexibility to work on vaping Lack of consensus locally around vaping benefits and harms. As a result, have just agreed a local vaping position statement which is opening doors in terms of discussing vapes and their use in smoking cessation. | E22: Governmental resources and priorities for vaping support for young people Capacity within the stop smoking service | F22: Educational intervention is in last stage of design, to be implemented in coming months | G22: Pleased to see further information being gathered on vaping. More needs to be done in this space. It is challenging to pump out a youth vaping prevention programme while also participating in Swap to Stop - the messages get muddled and make it difficult to implement, particularly where the government doesnt specifically fund youth vaping work. Have provided school-based and community-based educational resources on vaping. However, these are one-off sessions and in schools happen during limited PSHE time. They have not been coordinated, expansive campaigns.
A23: London Borough of Bexley | B23: " https://intent.evidencetoimpact.com/ " | C23: Evidence-based programmes have been commissioned in both areas | D23: Engagement with schools | E23: Having external staff deliver the initiative rather than the teachers | F23: No
A24: Rochdale Borough Council | B24: Template whole school vaping policy.docx, Template letter to parents.docx, Smoke %26 Vape Free HR Policy.pdf, Implementation checklist.docx | D24: No challenges in implementing, it's just they can only become really effective if the easy supply and availability of vaping products is stopped. We will see how the disposable vape ban goes, but it's been the easy availability (alongside some other but lesser factors) driving use. The work we have done/do is necessary but is not sufficient to really prevent youth vaping. | E24: As above - stop the supply of vapes. | F24: Creating 'vape free' sports clubs
A25: Catch22 commisioned service by London Borough of Merton. | B25: Catch22 Youth Voice- Vaping July23.pdf, Catch22 Smoke Free Generation - Free Service Offer in Schools.pdf, Catch22 Smoke Free Generation - Free Service Offer Community (1).pdf, All resources can be found under the following link, this includes parents pack and training PowerPoint. " https://healthydialogues.co.uk/offering/kickthecloud/ " " https://www.youtube.com/watch?v=xWERLbTCEMs " | C25: Final Version Merton Vaping Project Summative Report.pptx | D25: None to date | E25: Development of pre and post exit survey | F25: We are early in to the service and likey this will develop
A26: Herefordshire Council
A27: North Tyneside Council | B27: " https://my.northtyneside.gov.uk/category/597/quitting-smoking "
A28: Solutions 4 Health - Slough Borough Council
A29: London Borough of Camden
A30: Cheshire East Council | B30: " https://www.cheshireeast.gov.uk/livewell/health-matters/keeping-well/stopping-smoking/stopping-smoking.aspx " | F30: Yes; Other initiatives/ interventions are being scoped but not yet delivered. Survey including questions re: vaping to be implemented with schools for completion by pupils and staff in Autumn 2025 | G30: As above, our initiatives are being scoped and in development. Further information will be able to be provided over the next 12-18 months
A31: East Sussex County Council | B31: We can share them via email as too large to upload but we brought and use the ASH X Smokefree Sheffield Youth Vaping resources and use them in our schools., ASH Smoke Free Sheffield Youth Vaping resources that we purchased and used within schools. We also offer youth vaping support within our school health service and have been conducting youth vaping insights to with children and young people to inform our local response to youth vaping. Happy to share our findings when we have completed all of the insights within educational and community settings. | C31: Sheffield City Council resources for schools on youth vaping. These were developed in collaboration with ASH to help make children and young people aware of the facts about vaping. | D31: Some schools or youth settings are more engaged than others and in our areas of high smoking prevalence which link to our areas of highest deprivation some of the schools view other issues they face as more important than vaping. | E31: We are working with the children and young people locally to inform our response to youth vaping locally and I think at a national level we need to see more flexibility with the additional tobacco funding or other funding sources to be used | F31: Yes we are using our youth insights to inform the expansion/developing of vaping prevention initiative in the future.
A32: Staffordshire County Council | B32: " https://staffordshire.everyonehealth.co.uk/services/stop-smoking/vaping-information/ " | C32: Khan Review: making smoking obsolete (2022) Office of Health Improvement and Disparities' information on e-cigarettes and vaping Local Stop Smoking Services: service and delivery guidance 2014 (produced by NCSCT and PHE Action on smoking and heath (ASH) Local Toolkit | D32: The number of young people vaping is continuing to rise and some young people are vaping before they reach high school, we need to continue educating parents about the risks associated with their children vaping. | E32: we need to develop our vaping offer as more young people are taking up vaping. | F32: not at the moment, however we would like to develop our vaping offer in the near future
A33: Stoke-on-Trent Council* | B33: NA | C33: The programme is beginning to be developed and will be informed by evidence, including our behavioural insights research | D33: this is unknown at this point | E33: this is unknown at this point | F33: this will depend on evaluation of our efforts | G33: NA | H33: Yes; We are in the process of commissioning a new service (in place from 1 October 2025 which will support anyone aged 12 and over and provide vaping cessation support as well as stop smoking support. We are completing behavioural insight work which has targeted children and young people, among other groups, and this will be used to inform and develop service promotion and campaign activity aimed at people who smoke and vape. We have created a young people's tobacco and vaping prevention officer role which will work with education settings to support messaging about vaping and help young people to access support
A34: Somerset Council | B34: " https://www.cypsomersethealth.org/?ks=1&page=smoking,_vaping_and_smokefree_settings " | C34: Evidence review and local experience for all. INTENT programme commissioned for training and various sources included in links on website | D34: Teacher training has provided some barriers - schools feedback they would prefer someone to come in and hold workshops but due to limited capacity a train the train model is more effective | E34: Looking at peer mentor models in schools, more focus with youth groups in training, developing new campaign and resoruces with young people and families | G34: Developing as we go based on lack of national evidence available establishing baseline data for local areas is difficult due to lack of national surveys - local school based surveys now include vaping behaviour to help establish trends and demographics at most risk for targeting prevention work
A35: Hartlepool Borough Council | D35: Time | E35: Potentially further insight into youth vaping in schools across Hartlepool so that initiatives can be tailored to the needs of the school | F35: As above
A36: Buckinghamshire Council | B36: " https://www.healthandwellbeingbucks.org/s4s/WhereILive/Council?pageId=5915#section1 " | C36: In March 2024, Buckinghamshire Public Health hosted a vape workshop at the Bucks Youth Voice Summit. Young people shared that they generally viewed vaping negatively and were aware of its harms. While many felt confident refusing vapes, this varied depending on social and personal factors. They also called for more open conversations and prevention efforts. Local schools are seeking guidance to support students who vape, with reports of vaping-related disruptions, bullying, and theft. In response, the Buckinghamshire Tobacco Control Alliance published a county-wide Vaping Position Statement. Based on insights from the Vape Space and TCA, a school-based intervention for Years 7 and 8 was created | D36: Some schools declined due to building limitations or scheduling conflicts. | E36: Expand reach to more schools and integrate with broader public health themes. Consider digital delivery options for schools unable to host in-person sessions. | F36: we are planning to recommission the dramatic initative; however, the evaluation is not yet complete. A formal proposal will be developed following the completion of the evaluation. In the meantime, we are exploring opportunities for cross-working within the Public Health team to potentially expand the scope of the service, aligning with other areas currently supported by the provider
A37: Sheffield City Council | B37: " https://smokefreesheffield.org/get-involved/campaigns/vaping-the-facts/ " toolkit can be downloaded from the site | C37: www.smokefreesheffield.org ASH-brief-for-local-authorities-on-youth-vaping.pdf www.nhs.uk/better-health/quit-smoking/vaping-to-quit-smoking/ https://ash.org.uk/uploads/Use-of-e-cigarettes-among-young-people-in-Great-Britain-2022.pdf Use-of-vapes-among-young-people-in-Great-Britain-2024.pdf Vapes | FRANK (talktofrank.com) https://ash.org.uk/uploads/ASH-guidance-for-school-vaping-policies.pdf Trends in smoking and vaping among young people: Findings from the ITC Youth Survey, 2023 https://www.gov.uk/government/publications/nicotine-vaping-in-england-2022-evidence-update | D37: Ensuring that the range of resources we developed for children and young people effectively resonate with them and their experiences along with the evidence base. Ensuring that messaging is clear around vaping, illicit vapes and illegal nicotine vapes. Schools want LA to solve the problem and it can be difficult for them to accept that this is why we need the tobacco and vapes bill that education alone will not sort this. ensuring YP voices and health are considered by schools and that schools deal with vaping issues in ways that are not punitive to students and negatively impacting on their learning. Students report vaping to support socialising and reduce anxiety schools sometimes respond in ways that increases anxiety and does not address underlying issues and this prevents an honest conversation and getting to the route reasons for why the person is vaping. | E37: We now have a range of insights from across the country from young people about they vape and why they are vaping we need to ensure that initiatives take these insights into account fully - building on what has been in place already to ensure that key messages resonate and CYP know how to quit vaping have the resilience skills to never start and know where to seek support when needed. we need to better understand the factors that motivate and support cessation of vaping in youth and also what messages best act as a deterrent. How can we effectively myth bust also ensure they have evidence based information in a way they find engaging. | F37: updating Sheffield and ASH youth vaping resources | G37: It is incredibly complex and we need to keep things simple
A38: Lambeth Council
A39: London Borough of Lewisham | B39: Smoke free school gate.jpg " https://www.smokefreelewisham.co.uk/ " | D39: Getting support from the schools | E39: Meeting with school authorities | F39: No
A40: City of York Council | B40: " https://www.york.gov.uk/health-trainers/stop-smoking/3 ", " https://www.york.gov.uk/HealthTrainersToolkit " , York Hooked Evaluation.pptx
A41: Bristol City Council | B41: " https://www.bristol.gov.uk/smoke-free-bristol/under-18s/how-to-quit-vaping-as-a-young-person " | C41: Based on PSHE guidance, OHID evidence reviews, NICE guidance, local data. Online materials supported by University of Bristol. | D41: Our approach to date has been primarily docussed upon schools, who struggle to have time or resources to engage in any meaningful way. It is extremely difficult to even help make schools aware that this support is available despite many yeasr of persistent efforts from multiple directions. | E41: Exploring opportunities for vaping cessation support. Schools require additional resources to support their capacity to care effectively for their communities. | F41: Exploring opportunities for a vaping cessation offer including a digital intervention with UoB
A42: Cheshire West and Chester Council | B42: NA | C42: NA | D42: NA | E42: NA | F42: NA | G42: NA | H42: Yes; We will be commissioning Healthwatch to undertake a survey for young people, teachers and parents/carers to obtain a baseline picture on the current issues and support systems they would like. Additional funding is available to implement recommendations.
A43: Manchester City Council | C43: All of the evidence we have used is in the system, but we do not have capacity at this time to detail all of it for this survey. | D43: Lack of funding | E43: More funding and capacity. Also need a national position and policy on how we manage vaping addiction generally for adults AND CYP. | F43: No | G43: We would like to have funding to support adults addicted to vaping and nicotine products more widely. This issue is still neglected and although our CYP programme is advanced, while so many adults still vape inappropriately, this will clearly impact on CYP
A44: London Borough of Croydon | B44: Talking with your Teen About Vaping - A Guide for Parents and Guardians.pdf, CTS version Vaping-The-Facts-Teachers-Toolkit.pdf, Parent-and-carers-leaflet.pdf, Youth Vaping information leaflet - Croydon.pdf, CTS version Vaping-The-Facts-Teachers-Toolkit.pdf | D44: NA - we have only shared info with schools. Understanding schools capacity to deliver info onwards is a challenge | E44: A more cohesive approach | F44: No
A45: Stockport Council
A46: Kirklees Metropolitan Borough Council | B46: I can request this from our provider and share at a later date. " https://www.kirklees.gov.uk/beta/health-and-well-being/stop-smoking.aspx " | C46: appointed behaviourla research company to gather insights from CYP, school staff , parents and school hub co-ordinators | D46: engagement with parents. demand for interventions in year 5 and 6. no youth cessation offer | E46: find other approaches to engage with parents. | F46: No
A47: Sunderland City Council | B47: " https://sunderlandstopsmokingservice.co.uk/vaping-and-young-people/ " " https://www.linksforlifesunderland.co.uk/services/healthy-changes/smoking/vaping-resources-for-schools/ ", Guidance on vaping and young people - updated Fe25.pdf | C47: We have used nationally recognised evidence to create guidance to schools and other professionals working with young people. Our stop smoking service has used the latest evidence base on how to stop vaping (which is quite limited!) and through discussions with those working with young people. We have used the Sheffield materials to develop our own material, as well as sharing links to the Sheffield materials, and sharing links to the national materials at Better Health School Zone, and similar materials from Northern Ireland NHS and Scotland NHS. Any references and materials we have used are included in the school guidance document, already attached. | D47: Lack of evidence, difficulty getting a balanced message - as vapes can be used by adults to quit smoking (we have a swap to stop scheme which we want to promote widely) - not wanting to use 'scare' tactics, so as not to dissuade adult smokers away from using them. Lack of national guidance on getting this balance right. | E47: We need some evaluated schemes and clear guidance nationally - ours are schemes we have felt are necessary and have created on the information and knowledge we currently have | F47: To continue with the plans we have now - possibly write up an evaluation | G47: It would be good to see what other initiatives are being developed across the country and which ones have worked
A48: Rotherham Metropolitan Borough Council | B48: " https://rotherhive.co.uk/smoking/#toggle-id-15 " | D48: One of the main challenges with rolling out any work relating to vaping and children/young people has been having oversight over what is being delivered by external organisations. As vaping is an emerging issue there have been cases where external organisations have developed and rolled out their own interventions without consultation with Public Health colleagues making it difficult to fact check, obtain quality assurance and ensure all local messages are clear and consistent. | E48: Clear national guidance on what approaches need to be used to help inform coordinated approaches locally. | F48: Key stakeholders where brought together to outline gaps in provision and to plan next steps. This will inform local strategy moving forwards.
A49: Shropshire Council | B49: " https://next.shropshire.gov.uk/public-health/healthy-shropshire/stopping-smoking/youth-vaping/ " | C49: Review of good practice evidence | D49: Similar to national challenges | E49: Delivery of the vapes bill, dedicated youth vaping regional/national code of practice group or forum | F49: To evolve what is in place
A50: Bradford Metropolitan District Council | B50: " https://www.bradford.gov.uk/health/improving-your-health/quit-smoking/ " | C50: we used findings from a number of workshops with young people. 80-90 young people were consulted to help gain insight into vaping habits of young people | D50: nothing major, the schools appreciated the support and the programme was well received | E50: continuous adaptation, the focus has moved on to primary schools as more young people become familiar with vapes. The programme needs to be expanded into other CYP settings in the community as well. lack of engagement in September, December and exam times has been evident over the last year, which is why the programme needs to be expanded into other community settings. | F50: extra funding to be provided for the vaping element which will be incorporated into a wider PH contract that includes gambling and drugs and alcohol
A51: Wiltshire Council
A52: Wigan Council | B52: Evidence to Impact webpage for INTENT training, " https://www.wigan.gov.uk/Resident/Health-Social-Care/Children-and-young-people/Health-and-wellbeing/Vaping-and-smoking.aspx " | C52: INTENT evidence based programme. Robust evidence based online information. Talk to Frank, We are With You, Be Well. | D52: Zero Tolerance stance from some schools Messages re: Vaping is better than smoking (we need to keep a strong stance on "if you have never smoked, don't vape). | E52: Partnership working Targeted Campaigns | F52: Yes
A53: Islington Council | B53: " https://www.breathestopsmoking.org/vaping-leaflet/ " | C53: Government/OHID/ NHS information, ASH, NCSCT | D53: Our young people drug and alcohol service provide one-to-one counselling to young people using nicotine and other substances, but does not cover universal access to young people who want to quit vaping, as it is not commissioned to provide this. There is therefore a gap in provision. Our commissioned specialist stop smoking service has some capacity to deliver workshops and assemblies in schools, but given the focus on achieving quit date targets set nationally, work on youth vaping cannot always be prioritised. | E53: Please see the future plans answer, as this includes agreed improvements on our current initiative. | F53: The new Islington Smoke Free Partnerships (ISFP) identified three strategic priorities, one of which is protecting children and young people from the harms of tobacco use, nicotine addiction and vaping. A sub-group of the ISFP met recently to develop an action plan on youth vaping. This will include: Developing a suite of resources and training materials to be made widely available. Engaging a wide range of partners, such as youth hubs, youth counselling/ wellbeing services, VCS, parent champions, schools and GPs. The existing leaflet will be redesigned and updated to improve its appeal to young people. Local online information on vaping and young people/ quitting vaping will be made available. Information for parents will be expanded. A peer education programme on vaping will be developed, for secondary school pupils to deliver in primary schools. | G53: The leaflet was developed jointly with Camden Council.
A54: Choose You Public Health – a shared service across Central Bedfordshire, Bedford Borough and Milton Keynes | B54: " https://chooseyou.co.uk/quit-smoking/vaping/guide-to-quit-vaping-for-under-18s/ " | C54: We used the information provided by young people via surveys | D54: Training community staff - supporting them having conversation with young people as they work day in and day out with them | E54: More communication with school staff and community out reach staff who work with young people | F54: We are planning launching a CYP campaign within the schools But this has not happened yet.We are tackling youth vaping from a few different angles: Digital Camping (posters) | G54: We are tackling youth vaping from a few different angles: Digital Camping (posters) • Quit vaping guide for Under 18s • Working with Trading Standards – inspections and closures. • Training School Nurses
A55: North Somerset Council | B55: We have commissioned the Intent programme from Evidence to Impact. This programme focuses tobacco and vaping. The links for our webinars are " https://www.betterhealthns.co.uk/information/vaping-the-facts-free-webinar-for-parents-carers-families/ and https://www.betterhealthns.co.uk/information/vaping-the-facts-free-webinar-12th-nov-24/ "
A56: Derbyshire County Council
A57: Leeds City Council | C57: " https://www.gov.uk/government/publications/nicotine-vaping-in-england-2022-evidence-update " " https://pubmed.ncbi.nlm.nih.gov/38189560/ "
A58: Wirral Council

Sheet S4
A2: * Stoke-On-Trent reported future collection of data and has been reclassified as "no" for initiative, and "planned". Some data were left in the excel data sheet for information but have been excluded in the counts.
A3: **Gloucestershire entered 2 initiatives in the "other" response
A4: ***One initiative from Gloucestershire Council and one from Rotherham Metropolitan Borough Council were reported to have been evaluated / had data collected but the comments indicated this was planned and had not commenced, so they were treated as planned
A5: ***Catch22 reported plans but did not state they had any evaluation - submitted material included results. Added to LA level but not initiative level. As coded as planned and existing, appears n = 170
A6: Wigan Council and Brighton and Hove City Council reported no data in text, but left the tickboxes blank - the counts and spreadsheet were updated to reflect the "no" response
A9: Has initiative
A10: Yes | B10: =(COUNTIF('S2'!B:B,"Yes")) -> 52
A11: No* | B11: =(COUNTIF('S2'!B:B,"No")) -> 5
A12: If no, none planned | B12: =(COUNTIF('S3'!H:H,"No")) -> 2
A13: If no, planned* | B13: =(COUNTIF('S3'!H:H,"*Yes*")) -> 3
A15: Initiative types
A16: Total number of initiatives | B16: =SUM(B17:B26) -> 169
A17: School-based educational campaign | B17: =COUNTIF('S1'!B:B,"School-based educational campaign") -> 30
A18: Community-based educational campaign | B18: =COUNTIF('S1'!B:B,"Community-based educational campaign") -> 7
A19: Parent-focused educational campaign | B19: =COUNTIF('S1'!B:B,"Parent-focused educational campaign") -> 11
A20: Counselling or behavioural support | B20: =COUNTIF('S1'!B:B,"Counselling or behavioural support") -> 13
A21: Website / online information or support | B21: =COUNTIF('S1'!B:B,"Website / online information or support") -> 31
A22: A holistic school-based programme | B22: =COUNTIF('S1'!B:B,"A holistic school-based programme") -> 11
A23: Service provision (including clinics) | B23: =COUNTIF('S1'!B:B,"Service provision (including clinics)") -> 16
A24: Helpline / Quitline | B24: =COUNTIF('S1'!B:B,"Helpline / Quitline") -> 4
A25: Training for teachers | B25: =COUNTIF('S1'!B:B,"Training for teachers") -> 25
A26: Other*/** | B26: 21
A27: My local authority has not implemented any initiatives to prevent or dissuade youth vaping | B27: =(COUNTIF('S2'!B:B,"No")) -> 5
A29: Ages targeted
A30: Under 10 | B30: 35
A31: 11 | B31: 93
A32: 12 | B32: 110
A33: 13 | B33: 113
A34: 14 | B34: 111
A35: 15 | B35: 108
A36: 16 | B36: 104
A37: 17 | B37: 84
A39: Deliverers
A40: Stop Smoking/Vaping Services* | B40: =COUNTIF('S1'!G:G,"*Stop Smoking/Vaping Services*")-1 -> 67
A41: Trained specialists | B41: =COUNTIF('S1'!G:G,"*Trained specialists*") -> 42
A42: Local authority members | B42: =COUNTIF('S1'!G:G,"*Local authority members*") -> 36
A43: Educators* | B43: =COUNTIF('S1'!G:G,"*Educators*")-1 -> 30
A44: School nurses | B44: =COUNTIF('S1'!G:G,"*School nurses*") -> 19
A45: Young people | B45: =COUNTIF('S1'!G:G,"*Young people*") -> 6
A46: Other (manually checked)* | B46: 22
A48: Methods
A49: In-person workshops or sessions | B49: =COUNTIF('S1'!H:H,"*In-person workshops or sessions*") -> 74
A50: Online materials | B50: =COUNTIF('S1'!H:H,"*Online materials*") -> 89
A51: Printed materials | B51: =COUNTIF('S1'!H:H,"*Printed materials*") -> 62
A52: Social media outreach | B52: =COUNTIF('S1'!H:H,"*Social media outreach*") -> 23
A53: Phone | B53: =COUNTIF('S1'!H:H,"*Phone*") -> 15
A54: Slides for assemblies or lessons | B54: =COUNTIF('S1'!H:H,"*Slides for assemblies or lessons*") -> 57
A55: Community based activities | B55: =COUNTIF('S1'!H:H,"*Community based activities*") -> 23
A56: Other | B56: =COUNTIF('S1'!H:H,"*Other*") -> 9
A58: Integrated initiative
A59: Yes | B59: =(COUNTIF('S1'!D:D,"Yes")) -> 82
A60: No* | B60: =(COUNTIF('S1'!D:D,"No")) -> 49
A61: Unknown | B61: =(COUNTIF('S1'!D:D,"*Unknown*")) -> 38
A63: Integrated initiative by LA (at least one)
A64: Yes | B64: =(COUNTIF('S2'!C:C,"Yes")) -> 30
A65: No* | B65: =(COUNTIF('S2'!C:C,"No")) -> 12
A66: Unknown | B66: =(COUNTIF('S2'!C:C,"Unknown")) -> 10
A68: Integration with (researcher assessment)
A69: Part of broader substance misuse initiative | B69: =(COUNTIF('S1'!O:O,"Part of broader substance misuse")) -> 31
A70: Part of a general health promotion programme | B70: =(COUNTIF('S1'!O:O,"*Part of a general health promotion programme*")) -> 17
A71: Part of smoking prevention initiative | B71: =(COUNTIF('S1'!O:O,"*Part of smoking initiatiave*")) -> 15
A72: Integrated, but no further information provided | B72: =(COUNTIF('S1'!O:O,"Claimed")) -> 11
A73: Integrated into school PSHE | B73: =(COUNTIF('S1'!O:O,"Integrated into school PSHE")) -> 8
A74: Linked to mental health initiative | B74: =(COUNTIF('S1'!O:O,"Linked to mental health")) -> 2
A76: Evidence-based (self-report)
A77: Yes* | B77: =(COUNTIF('S1'!J:J,"Yes")) -> 96
A78: No | B78: =(COUNTIF('S1'!J:J,"No")) -> 21
A79: Unknown | B79: =(COUNTIF('S1'!J:J,"*Unknown*")) -> 52
A81: Evidence-based (self-report) by LA
A82: Yes* | B82: =(COUNTIF('S2'!D:D,"Yes")) -> 34
A83: No | B83: =(COUNTIF('S2'!D:D,"No")) -> 5
A84: Unknown | B84: =(COUNTIF('S2'!D:D,"Unknown")) -> 13
A86: Data collected / evaluated (self-report)
A87: Yes* / *** | B87: =(COUNTIF('S1'!K:K,"Yes")) -> 29
A88: No | B88: =(COUNTIF('S1'!K:K,"No")) -> 78
A89: Unknown | B89: =(COUNTIF('S1'!K:K,"*Unknown*")) -> 62
A91: Data collected / evaluated (self-report) by LA
A92: Yes* | B92: =(COUNTIF('S2'!E2:E58,"*Yes*")) -> 16
A93: No | B93: =(COUNTIF('S2'!E2:E58,"No")) -> 24
A94: Unknown | B94: =(COUNTIF('S2'!E:E,"Unknown")) -> 12
A96: Data collected / evaluated (researcher assessment)
A97: YP data | B97: =(COUNTIF('S1'!M:M,"*YP data*")) -> 7
A98: Deliverer data | B98: =(COUNTIF('S1'!M:M,"*Deliverer data*")) -> 0
A99: YP feedback | B99: =(COUNTIF('S1'!M:M,"*YP feedback*")) -> 3
A100: Deliverer feedback | B100: =(COUNTIF('S1'!M:M,"*Deliverer feedback*")) -> 7
A101: Claimed | B101: =(COUNTIF('S1'!M:M,"*Claimed*")) -> 11
A102: Planned*** / **** | B102: =(COUNTIF('S1'!M:M,"*Planned*")) -> 22
A103: No data**** | B103: =(COUNTIF('S1'!M:M,"*No data*")) -> 68
A104: Unknown | B104: =(COUNTIF('S1'!M:M,"*Unknown*")) -> 52
A105: Any data or feedback (with info)**** | B105: {=SUM(--(ISNUMBER(SEARCH({"feedback","YP data","Deliverer data"}, 'S1'!M:M)) * NOT(ISNUMBER(SEARCH("no data", 'S1'!M:M)))))} -> 16
A107: Data collected / evaluated by LA (researcher assessment)
A108: YP data | B108: =(COUNTIF('S2'!F:F,"*YP data*")) -> 4
A109: Deliverer data | B109: =(COUNTIF('S2'!F:F,"*Deliverer data*")) -> 0
A110: YP feedback | B110: =(COUNTIF('S2'!F:F,"*YP feedback*")) -> 4
A111: Deliverer feedback | B111: =(COUNTIF('S2'!F:F,"*Deliverer feedback*")) -> 4
A112: Claimed | B112: =(COUNTIF('S2'!F:F,"*Claimed*")) -> 6
A113: Planned**** | B113: =(COUNTIF('S2'!F:F,"*Planned*")) -> 6
A114: No data**** | B114: =(COUNTIF('S2'!F:F,"*No data*")) -> 21
A115: Unknown | B115: =(COUNTIF('S2'!F:F,"*Unknown*")) -> 12
A116: Any data or feedback (with info)**** | B116: {=SUMPRODUCT(--( (ISNUMBER(SEARCH("feedback",'S2'!F:F)) + ISNUMBER(SEARCH("YP data",'S2'!F:F)) + ISNUMBER(SEARCH("Deliverer data",'S2'!F:F)) ) > 0))} -> 9
...

Sheet S5
A1: Evaluation of Effectiveness | B1: Tailoring Based on Data/Feedback | C1: Availability of Resources | D1: Integration with other programmes | E1: Inaccurate or potentially overstated claims in the materials | F1: Outdated information
A2: No data collected = No data | B2: Adapted or refined in response to data/feedback = Yes | C2: Publicly available online = Available | D2: No integration with other programmes = Stand-alone initiative | E2: No identified inaccurate or potentially overstated information = No inaccurate/overstated claims | F2: No outdated information
A3: Feedback collected from young people = YP feedback | B3: No adaptation based on data/feedback = No | C3: Internal use only = Internal only | D3: Integrated within tobacco smoking prevention initiatives = Part of smoking initiatiave | E3: Includes causal and misleading statements about vaping harming the developing brain = Potentially overstated claims about brain development | F3: Outdated information about disposable vapes
A4: Data collected from young people = YP data | B4: Plans to tailor based on data/feedback in future = Planned | C4: No information provided = Unknown | D4: Integrated within broader substance use prevention initiatives = Part of broader substance misuse | E4: Includes a statement about the number of cigarettes equivelant to a given level of vape exposure or size = Inaccurate information about comparison with smoking | F4: Outdated statistics
A5: Feedback collected from deliverers = Deliverer feedback | B5: No details given on whether tailoring happens = Unknown | D5: Integrated within mental health promotion initiatives = Linked to mental health | E5: Includes a causal statement about vaping harming mental health = Potentially overstated claims about mental health | F5: No materials provided = Unable to assess
A6: Data collected from deliverers = Deliverer data | B6: Stated no data collected = No data | D6: Integrated within PSHE lessons in schools = Integrated into school PSHE | E6: Includes a causal statement about smoking causing / leading to vaping (gateway hypothesis) = Potentially overstated claims about vaping causing smoking
A7: Plans to collect data = Planned | D7: Integrated within a general health promotion programme = Part of a general health promotion programme | E7: Includes a causal statement about vaping causing seizures = Potentially overstated claims about vaping causing seizures
A8: No information provided = Unknown | D8: Integrated, but no further information provided = Claimed | E8: Includes references to disposable vapes overheating = Inaccurate information about overheating
A9: Claimed evidence of effectiveness = Claimed | D9: No information provided = Unknown | E9: Includes a statement suggesting it is illegal to buy / have vapes if you are under 18 (it is illegal to sell vapes not buy) = Inaccurate information about the legality
D10: Stated future plans to integrate the initiative = Planned to integrate | E10: Includes incorrect representation of result (e.g., incorrect interpretation of local data or statement that no studies have explored a particular issue = Inaccurate information about research on young people and vape research
E11: No materials provided = Unable to assess
